 Dungeon Crawl Stone Soup version 0.30-a0-800-g7c544603b3 (webtiles) character file.

Game seed: 14876713523915660952

234120 rlgrobin the Spry (level 18, -5/100 HPs)
             Began as a Spriggan Earth Elementalist on Dec 21, 2022.
             Was the Champion of Ashenzari.
             Slain by a merfolk impaler
             ... wielding a +0 trident
              (17 damage)
             ... on level 4 of the Shoals on Feb 21, 2023.
             The game lasted 04:42:50 (43363 turns).

rlgrobin the Spry (Spriggan Earth Elementalist)    Turns: 43363, Time: 04:42:51

Health: -5/100     AC: 25    Str: 14    XL:     18   Next: 43%
Magic:  38/38      EV: 26    Int: 20    God:    Ashenzari [******]
Gold:   99         SH:  0    Dex: 16    Spells: 17/48 levels left

rFire   + . .      SeeInvis +    c - +8 trident of Toth-Mos's Legacy {spect, Alch, Bglg} (curse)
rCold   . . .      Faith    .    (shield currently unavailable)
rNeg    . . .      Spirit   .    m - +3 shadow dragon scales of Ashenzari's Planets {Stlth++++, Self, Alch} (curse)
rPois   +          Reflect  .    R - +1 hat "Lashed Yoke" {rF+, Self, Bglg} (curse)
rElec   .          Harm     .    B - +2 cloak of Ouranomancy {Melee, Cun} (curse)
rCorr   .          Rampage  .    (gloves unavailable)
Will    +++..      Clarity  +    (boots unavailable)
Stlth   ++++++                   I - amulet of Apeoromancy {RegenMP, Melee, Self} (curse)
HPRegen 0.36/turn                M - ring "Prescient Negation" {Str+6, Evo, Comp} (curse)
MPRegen 0.66/turn                D - ring "Seer of Ashenzari" {EV+5, Fort, Bglg} (curse)

@: flying, invisible, unable to drink, very quick
A: very small, no large weapons, unfitting armour, see invisible, speed 3,
poison resistance, shaggy fur 1, inability to drink after injury 1
}: 2/15 runes: serpentine, barnacled
a: Renounce Religion, Shatter the Chains


You were on level 4 of the Shoals.
You worshipped Ashenzari.
Ashenzari was exalted by your worship.
You visited 7 branches of the dungeon, and saw 32 of its levels.
You also visited: Ossuary.

You collected 3115 gold pieces.
You spent 3016 gold pieces at shops.

Inventory:

Hand Weapons
 c - the cursed +8 trident of Toth-Mos's Legacy (weapon) {spect, Alch, Bglg}
   (You took it off a wight on level 6 of the Dungeon)

   It has a curse which improves the following skills: Alchemy: Poison Magic and
   Transmutations.
   Beguiling: Conjurations, Hexes and Translocations.
 l - a +3 demon trident of electrocution
 P - the +9 trident of Peace {heavy, Dex+3}
   (You found it on level 13 of the Dungeon)

   Dex:       It affects your dexterity (+3).
 Y - the +5 consecrated labrys {holy, Valiant Fragile Fly SInv}
   (You found it on level 1 of the Lair of Beasts)

   Valiant:   It becomes more powerful as more dangerous foes come into view.
   SInv:      It lets you see invisible.
   Fly:       It grants you flight.
   Fragile:   It will be destroyed if unequipped.
Missiles
 d - 33 boomerangs (quivered)
 e - 107 stones
 h - 31 poisoned darts
 p - 4 throwing nets
 u - 6 datura-tipped darts
 v - 10 curare-tipped darts
Armour
 m - the cursed +3 shadow dragon scales of Ashenzari's Planets (worn) {Stlth++++, Self, Alch}
   (You found it on level 2 of the Dungeon)

   Stlth:     It makes you much more stealthy.
   It has a curse which improves the following skills: Introspection: Fighting
   and Spellcasting.
   Alchemy:   Poison Magic and Transmutations.
 B - the cursed +2 cloak of Ouranomancy (worn) {Melee, Cun}
   (You bought it in a shop on level 4 of the Dungeon)

   It has a curse which improves the following skills: Melee Combat: Short
   Blades, Long Blades, Axes, Maces & Flails, Polearms, Staves and Unarmed
   Combat.
   Cunning:   Dodging and Stealth.
 C - a +0 buckler
 R - the cursed +1 hat "Lashed Yoke" (worn) {rF+, Self, Bglg}
   (You acquired it on level 5 of the Lair of Beasts)

   rF:        It protects you from fire.
   It has a curse which improves the following skills: Introspection: Fighting
   and Spellcasting.
   Beguiling: Conjurations, Hexes and Translocations.
 S - the +0 buckler of Wohoostru {rPois rC+ MP+9 Int-4}
   (You acquired it on level 2 of the Shoals)

   Int:       It affects your intelligence (-4).
   rC:        It protects you from cold.
   rPois:     It protects you from poison.
   MP:        It affects your magic capacity (+9).
 W - an orb of mayhem
Jewellery
 x - a +6 ring of strength
 D - the cursed ring "Seer of Ashenzari" (right hand) {EV+5, Fort, Bglg}
   (You found it on level 7 of the Dungeon)

   [ring of evasion]

   EV:        It affects your evasion (+5).
   It has a curse which improves the following skills: Fortitude: Armour and
   Shields.
   Beguiling: Conjurations, Hexes and Translocations.
 I - the cursed amulet of Apeoromancy (around neck) {RegenMP, Melee, Self}
   (You found it on level 14 of the Dungeon)

   [amulet of magic regeneration]

   It increases your rate of magic regeneration.
   It has a curse which improves the following skills: Melee Combat: Short
   Blades, Long Blades, Axes, Maces & Flails, Polearms, Staves and Unarmed
   Combat.
   Introspection: Fighting and Spellcasting.
 L - a ring of wizardry
 M - the cursed ring "Prescient Negation" (left hand) {Str+6, Evo, Comp}
   (You found it in an ossuary)

   [ring of strength]

   Str:       It affects your strength (+6).
   It has a curse which improves the following skills: Evocations: Evocations.
   Companions: Summonings and Necromancy.
 T - a ring of ice
 U - a ring of flight
Wands
 a - a wand of paralysis (3)
 q - a wand of digging (2)
 r - a wand of flame (13)
 Q - a wand of roots (17)
 V - a wand of acid (2)
Scrolls
 f - 2 scrolls of silence
 g - 3 scrolls of fog
 s - 4 scrolls of vulnerability
 w - 8 scrolls of poison
 y - 7 scrolls of teleportation
 A - 4 scrolls of magic mapping
 F - 2 scrolls of immolation
 G - 5 scrolls of amnesia
 K - 2 scrolls of fear
 N - 6 scrolls of enchant armour
 X - a scroll of torment
Potions
 b - 4 potions of magic
 o - 4 potions of haste
 t - 4 potions of attraction
 z - 8 potions of curing
 E - 6 potions of might
 H - 9 potions of brilliance
 J - 6 potions of resistance
 O - 8 potions of flight
 Z - 3 potions of ambrosia
Miscellaneous
 n - a box of beasts (inert)


   Skills:
 - Level 8.0(13.1) Fighting
 - Level 2.7(5.8) Short Blades
 - Level 6.4(10.3) Maces & Flails
 - Level 10.2(14.1) Polearms
 - Level 2.8 Throwing
 - Level 9.7(12.3) Armour
 - Level 19.0(21.3) Dodging
 + Level 10.0(12.6) Stealth
 - Level 10.5(15.6) Spellcasting
 + Level 0.0(0.3) Summonings
 - Level 9.4(12.0) Necromancy
 - Level 5.8(10.7) Translocations
 - Level 6.3(10.2) Transmutations
 - Level 6.2 Ice Magic
 - Level 4.0 Air Magic
 - Level 10.0 Earth Magic
 - Level 7.0(11.0) Poison Magic
 - Level 8.0(10.7) Evocations


You had 17 spell levels left.
You knew the following spells:

 Your Spells              Type           Power      Damage    Failure   Level
a - Sandblast             Erth           100%       2d20      1%          1
b - Passwall              Tmut/Erth      45%        N/A       1%          2
c - Poisonous Vapours     Pois/Air       90%        N/A       3%          2
d - Animate Dead          Necr           59%        N/A       3%          4
e - Borgnjor's Vile Clut  Necr/Erth      28%        N/A       14%         5
f - Olgreb's Toxic Radia  Pois           56%        N/A       4%          4
g - Alistair's Intoxicat  Tmut/Pois      36%        N/A       16%         5
h - Apportation           Tloc           100%       N/A       1%          1
i - Petrify               Tmut/Erth      54%        N/A       7%          4
j - Frozen Ramparts       Ice            80%        1d13      11%         3

Your spell library contained the following spells:

 Spells                   Type           Power      Damage    Failure   Level
 Necrotise                Necr           100%       1d9       1%          1
 Sting                    Tmut/Pois      100%       1d8       1%          1
 Cigotuvi's Dreadful Rot  Necr/Pois/Air  100%       N/A       1%          2
 Lesser Beckoning         Tloc           100%       N/A       1%          2
 Sublimation of Blood     Necr           59%        N/A       1%          2
 Gell's Gravitas          Tloc           56%        N/A       1%          3
 Teleport Other           Tloc           56%        N/A       1%          3
 Freeze                   Ice            100%       1d10      3%          1
 Kiss of Death            Conj/Necr      100%       2d13      3%          1
 Portal Projectile        Hex/Tloc       76%        N/A       13%         3
 Mephitic Cloud           Conj/Pois/Air  36%        N/A       16%         3
 Stone Arrow              Conj/Erth      74%        3d11      16%         3
 Ice Form                 Ice/Tmut       48%        N/A       16%         4
 Ensorcelled Hibernation  Hex/Ice        58%        N/A       17%         2
 Blade Hands              Tmut           27%        N/A       19%         5
 Static Discharge         Conj/Air       50%        2-5/arc   26%         2
 Swiftness                Air            31%        N/A       26%         3
 Hailstorm                Conj/Ice       29%        3d8       32%         3
 Magic Dart               Conj           72%        1d6       34%         1
 Summon Small Mammal      Summ           64%        N/A       38%         1
 Death Channel            Necr           29%        N/A       45%         6
 Call Imp                 Summ           16%        N/A       52%         2
 Eringya's Noxious Bog    Tmut/Pois      27%        N/A       65%         6
 Summon Guardian Golem    Hex/Summ       17%        N/A       73%         3
 Inner Flame              Hex/Fire       17%        N/A       75%         3
 Summon Ice Beast         Ice/Summ       28%        N/A       75%         4
 Call Canine Familiar     Summ           16%        N/A       77%         3
 Summon Forest            Summ/Tloc      18%        N/A       78%         5
 Irradiate                Conj/Tmut      18%        3d17      80%         5
 Yara's Violent Unravell  Hex/Tmut       18%        3d9       80%         5
 Simulacrum               Ice/Necr       25%        N/A       86%         6
 Cause Fear               Hex            9%         N/A       97%         4
 Dragon Form              Tmut           27%        N/A       99%         7
 Iskenderun's Battlesphe  Conj           18%        2d7       100%        5
 Conjure Ball Lightning   Conj/Air       12%        3x3d6     100%        6
 Iron Shot                Conj/Erth      18%        9d4       100%        6
 Enfeeble                 Hex            9%         N/A       100%        7
 Malign Gateway           Summ/Tloc      18%        N/A       100%        7
 Spellforged Servitor     Conj/Summ      8%         N/A       100%        7
 Summon Hydra             Summ           8%         N/A       100%        7
 Discord                  Hex            9%         N/A       100%        8


Dungeon Overview and Level Annotations

Branches:
Dungeon (15/15)            Temple (1/1) D:7            Lair (5/5) D:11
 Shoals (4/4) Lair:2        Snake (4/4) Lair:3        Slime (0/5) Lair:5
    Orc (2/2) D:12            Elf (0/3) Orc:2        Vaults (0/5) D:14
 Depths (1/4) D:15        Ossuary (visited)

Altars:
Ashenzari
Cheibriados
Dithmenos
Elyvilon
Fedhas
Gozag
Hepliaklqana
Kikubaaqudgha
Makhleb
Nemelex Xobeh
Okawaru
Qazlal
Ru
Sif Muna
Trog
Uskayaw
Vehumet
Wu Jian
Xom
Yredelemnul
Zin
The Shining One
Jiyva

Shops:
D:4 *   D:6 *   D:14 *   Orc:2 ([?*   Shoals:2 *   Snake:1 *=::   Snake:2 (*!

Annotations:
D:3 Sigmund
D:5 exclusion: downstairs
D:8 exclusion: downstairs
D:13 2 transporters, exclusions: basilisk and freezing wraith, Zakkuatt's ghost, journeyman HOFi
D:15 exclusions: tengu warrior and yaktaur
Lair:4 exclusion: hydra
Lair:5 exclusions: hydra and wyvern
Shoals:1 exclusion: downstairs
Shoals:2 exclusion: downstairs
Shoals:4 Mara
Snake:2 Aizul


Innate Abilities, Weirdness & Mutations

You are very small and have problems with some larger weapons.
You are too small for most types of armour.
You have supernaturally acute eyesight. (SInv)
You cover ground extremely quickly. (Speed+++)
Your system is resistant to poisons. (rPois)
You are covered in fur. (AC +1)
You occasionally lose the ability to drink potions when taking damage.


Message History

The merfolk aquamancer blinks!
The frost giant points at you and mumbles some strange words.
The bolt of cold hits you!
You feel threatened and lose the ability to drink potions!
* * * LOW HITPOINT WARNING * * *
The merfolk aquamancer completely misses you.
Okay, then.
Okay, then.
Okay, then.
Okay, then.
Okay, then.
You cannot drink potions in your current state!
Unknown command.
Okay, then.
Casting: Apportation (safe; 1% risk of failure)
Confirm with . or Enter, or press ? or * to list all spells.
Aiming: Passwall (safe; 1% risk of failure)
Press: ? - help, Dir - move target A rock wall.
The merfolk aquamancer casts a spell.
The merfolk aquamancer blinks!
The merfolk enters a dispersal trap!
The merfolk impaler blinks!
The merfolk aquamancer blinks!
The frost giant blinks!
You blink.
The merfolk blinks!
The merfolk impaler hits you with a +0 trident.
* * * LOW HITPOINT WARNING * * *
You begin to meditate on the wall.
You continue meditating on the rock.
The merfolk impaler misses you.
The merfolk aquamancer gestures wildly while chanting.
The merfolk aquamancer blinks!
You continue meditating on the rock.
The merfolk impaler hits you but does no damage.
The merfolk aquamancer casts a spell.
The merfolk aquamancer blinks!
The merfolk aquamancer casts a spell at you.
The shard of ice misses you. The merfolk impaler barely misses you.
The merfolk javelineer shouts!
You continue meditating on the rock.
The merfolk aquamancer seems to regain its courage.
The merfolk impaler hits you with a +0 trident!
You die...

~~~~~~~~~~~~~~~~~~~~~≈≈~~~~~≈≈≈≈~
~~~~~~~~~~~~~~*~***~~~~~t~~~~~≈≈≈
~~~~~~~~~~~~~~##*####~~~~~~~~~~≈~
~~~~~~~~~~~~~*#~##~~~#~~~~~~~P~≈~
~~~~~~~~~~~~~#~~~mm~~##~~.~~~~P≈~
~~~~~~~~~~~~*##m#m#~###~~..~~~~~P
~~~~~~~~~~~~~*#≈~.~≈~#~~...~~~~~~
~~~~~~~~~~{~~##m#^#~##~~.....~~~~
~~~~~~~~~~~~~#~~@§~m~##)......P~~
~~~~~~~~~~~~*##~~#~§##~........~~
~~~~~~~~~~~,~~#######~~.........~
~~~~~~~~{~,~~.~######~...........
~~~~~~~~~~~~~~.~~.~.~~...........
~~~~~~~~~~.~~....~~~~............
~~~~~~~~~~~~......~~~............
~~~~~~~~~~~~~....~~~.~~..........
~~~~~~~~~~~~~~~~~~~~~~~..........


You could see 2 merfolk impalers, a merfolk javelineer (wandering, unable to see
you), 2 merfolk aquamancers and a merfolk (wandering, unable to see you).

Vanquished Creatures
  Jorgrun (D:14)
  Polyphemus (Shoals:3)
  A shadow dragon (D:14)
  7 nagarajas (Snake:4)
  A fire giant (D:14)
  Ilsuiw (Shoals:3)
  A frost giant (Shoals:1)
  A very ugly thing (D:14)
  Nessos (D:14)
  Azrael (D:12)
  The ghost of Gogrithru the Fighter, a journeyman MeRe of Okawaru (Orc:1)
  A fire dragon (D:15)
  The ghost of jejorda2 the Impaler, a journeyman MfBe of Trog (D:11)
  Josephine (D:14)
  3 merfolk impalers
  2 merfolk javelineers (Shoals:3)
  An ice dragon (D:15)
  3 vault guards (D:14)
  A rakshasa (D:14)
  8 hydras
  Erica (D:11)
  Erolcha (D:9)
  An ogre mage (D:12)
  3 alligator snapping turtles
  10 anacondas
  6 centaur warriors
  A catoblepas (Shoals:3)
  A dancing weapon (Orc:1)
  A satyr (Shoals:4)
  2 tengu warriors
  6 boulder beetles
  A death knight (D:14)
  2 merfolk avatars
  9 two-headed ogres
  4 death yaks (Shoals:3)
  11 naga warriors
  A merfolk aquamancer (Shoals:2)
  An orc high priest (Orc:2)
  5 shock serpents
  4 skysharks
  4 naga sharpshooters
  A skeletal warrior (D:13)
  3 salamander mystics
  A fire crab (Lair:5)
  12 sea snakes
  4 spectral anacondas (Snake:2)
  4 wizards
  2 anaconda zombies (Snake:2)
  5 naga ritualists
  A lindwurm (Lair:5)
  An anaconda skeleton (Snake:2)
  18 harpies
  6 mana vipers
  Pikel (D:9)
  3 deep elf pyromancers
  9 ugly things
  12 manticores
  7 orc knights (Orc:2)
  8 cyclopes
  19 fauns
  3 orc sorcerers
  6 salamanders
  14 elephants
  28 black mambas
  11 merfolk sirens
  3 water nymphs
  Joseph (D:9)
  A gargoyle (D:9)
  9 naga magi
  17 cane toads
  A rime drake (shapeshifter) (D:13)
  2 unseen horrors
  Psyche (D:8)
  4 komodo dragons
  Maggie (D:7)
  A kobold demonologist (D:11)
  3 rime drakes
  7 trolls
  6 anaconda simulacra (Snake:2)
  16 merfolk
  5 polar bears
  A blink frog (shapeshifter) (D:14)
  8 hornets
  11 saltlings (Orc:2)
  16 dream sheep
  6 wind drakes
  22 blink frogs
  16 slime creatures
  A shadow (D:12)
  7 snapping turtles
  4 water elementals
  14 spriggans (Lair:5)
  3 vampires
  8 wyverns
  A hog (shapeshifter) (D:15)
  6 wraiths
  4 fire elementals (D:12)
  67 yaks
  17 humans (D:14)
  2 steam dragons (D:9)
  Grum (Lair:1)
  14 vampire mosquitoes
  4 basilisks
  Menkaure (D:7)
  A swamp worm (D:9)
  3 acid dragons
  3 wargs
  28 nagas
  3 hell hounds (D:12)
  20 water moccasins
  15 orc warriors
  4 black bears
  3 boggarts (Lair:5)
  A tengu (Shoals:3)
  8 ogres
  31 wolves
  2 phantoms
  17 centaurs
  2 lemures (D:9)
  9 kobold brigands
  7 bullfrogs
  2 necrophages (D:4)
  A gnoll sergeant (D:6)
  4 scorpions
  4 water moccasin zombies (Ossuary)
  8 wights
  6 killer bees (D:8)
  5 howler monkeys
  4 jellies (Lair:5)
  5 centaur zombies (Ossuary)
  7 bullfrog zombies (Ossuary)
  27 orc priests
  6 hounds
  5 iguanas
  23 orc wizards
  A killer bee zombie (Ossuary)
  14 mummies (Ossuary)
  2 howler monkey zombies (Ossuary)
  Robin (D:3)
  6 adders
  15 gnolls
  4 shadow imps
  4 white imps
  2 ufetubi
  5 worms
  5 dart slugs
  67 orcs
  3 bats
  6 endoplasms
  3 giant cockroaches
  12 goblins
  9 hobgoblins
  5 quokkas
  11 ball pythons
  A frilled lizard (D:1)
  19 kobolds
  7 rats
  8 pillars of salt (Orc:2)
1078 creatures vanquished.

Vanquished Creatures (collateral kills)
  A nagaraja (Snake:4)
  An ogre mage (Orc:1)
  An anaconda (Snake:3)
  3 two-headed ogres (Orc:1)
  A shock serpent (Snake:4)
  3 naga sharpshooters
  A sea snake (Shoals:4)
  A mana viper (Snake:3)
  2 harpies (Shoals:4)
  A manticore (Shoals:4)
  A merfolk siren (Shoals:4)
  A salamander (Snake:2)
  An elephant (Lair:3)
  A black mamba (Snake:1)
  A naga mage (Snake:4)
  3 merfolk
  A snapping turtle (Shoals:4)
  A water elemental (Shoals:2)
  2 humans (D:14)
  4 nagas
  2 orc warriors
  An ogre (D:12)
  An orc priest (Orc:1)
  4 orcs
39 creatures vanquished.

Vanquished Creatures (others)
  An anaconda zombie (Snake:1)
  A kobold demonologist (D:11)
  A sea snake zombie (Shoals:4)
  4 mana viper zombies
  6 black mamba zombies
  5 two-headed ogre zombies
  A faun zombie (Shoals:1)
  5 merfolk zombies (Shoals:4)
  A water nymph zombie (Shoals:4)
  16 naga zombies
  An orc warrior (D:9)
  A snapping turtle zombie (Shoals:4)
  2 manticore zombies (Shoals:4)
  A kobold brigand (D:11)
  A hell hound zombie (D:12)
  A salamander zombie (Snake:4)
  A yak zombie (D:12)
  2 killer bees (D:8)
  A basilisk zombie (D:12)
  9 human zombies (D:14)
  An acid dragon zombie (D:12)
  A tengu zombie (Shoals:3)
  2 ogre zombies
  An orc (D:8)
  19 orc zombies
  A butterfly (D:15)
  38 fungi
  3 pillars of salt (Orc:2)
  92 plants
  5 withered plants (Ossuary)
224 creatures vanquished.

Grand Total: 1341 creatures vanquished

Notes
Turn   | Place    | Note
-------+----------+-------------------------------------------
     0 | D:1      | rlgrobin the Spriggan Earth Elementalist began the quest
                  | for the Orb.
     0 | D:1      | Reached XP level 1. HP: 9/9 MP: 5/5
   139 | D:1      | Reached skill level 1 in Short Blades
   143 | D:1      | Reached XP level 2. HP: 13/13 MP: 1/6
   675 | D:1      | Reached XP level 3. HP: 16/16 MP: 6/8
  1090 | D:1      | Upgraded the game from 0.30-a0-476-g330ca2eb8e to
                  | 0.30-a0-639-g3916f1956a
  1094 | D:1      | Upgraded the game from 0.30-a0-639-g3916f1956a to
                  | 0.30-a0-782-ge64f9170bb
  1097 | D:1      | Learned a level 2 spell: Passwall
  1245 | D:2      | Reached XP level 4. HP: 21/21 MP: 6/9
  1425 | D:2      | Reached skill level 1 in Maces & Flails
  1937 | D:3      | Reached skill level 1 in Throwing
  1937 | D:3      | Reached XP level 5. HP: 22/24 MP: 10/10
  1969 | D:3      | Noticed Sigmund
  2294 | D:3      | Noticed Robin
  2310 | D:3      | Killed Robin
  2506 | D:4      | Found a stormy altar of Qazlal.
  2550 | D:4      | Reached skill level 3 in Dodging
  2550 | D:4      | Reached skill level 5 in Stealth
  2920 | D:4      | Reached XP level 6. HP: 18/28 MP: 11/11
  3168 | D:4      | Reached skill level 4 in Dodging
  3605 | D:4      | Found Vobrasm's Assorted Antiques.
  3616 | D:4      | Bought a cloak for 117 gold pieces
  3616 | D:4      | Bought a scroll labelled CERUNT VOHIDUN for 26 gold pieces
  3616 | D:4      | Bought a scroll labelled IHEASH NOCSEAL for 26 gold pieces
  3616 | D:4      | Bought a scroll of identify for 52 gold pieces
  3616 | D:4      | Bought a scroll labelled SAAZIPR NITUNYBOT for 26 gold
                  | pieces
  3784 | D:4      | You fall into a shaft and drop 1 floor!
  3784 | D:5      | Entered Level 5 of the Dungeon
  3825 | D:5      | Reached XP level 7. HP: 32/32 MP: 12/12
  3954 | D:5      | Reached skill level 1 in Armour
  4265 | D:5      | Reached XP level 8. HP: 35/36 MP: 14/14
  4445 | D:6      | Upgraded the game from 0.30-a0-782-ge64f9170bb to
                  | 0.30-a0-793-g160f7cfddd
  4687 | D:5      | Gained mutation: You have a pair of small horns on your
                  | head. [potion of mutation]
  4687 | D:5      | Gained mutation: Your body sometimes deteriorates upon
                  | taking damage. [potion of mutation]
  4687 | D:5      | Gained mutation: Your system is resistant to poisons.
                  | (rPois) [potion of mutation]
  4725 | D:6      | Found Arul's General Store.
  4772 | D:6      | Identified the +9 great sword "Noshu Xeshry" {flame,
                  | *Corrode Int+8 Dex+2}
  5554 | D:6      | Reached XP level 9. HP: 18/39 MP: 16/16
  6274 | D:6      | Noticed a troll
  6357 | D:6      | Killed a troll
  6643 | D:7      | Noticed Maggie
  6644 | D:7      | Noticed Menkaure
  6903 | D:7      | Found a staircase to the Ecumenical Temple.
  6914 | Temple   | Entered the Ecumenical Temple
  6936 | Temple   | Became a worshipper of Ashenzari the Shackled
  7341 | D:8      | Found a sand-covered staircase.
  7346 | Ossuary  | Entered an ossuary
  7516 | Ossuary  | Reached skill level 5 in Maces & Flails
  7767 | Ossuary  | Reached XP level 10. HP: 44/44 MP: 17/17
  7905 | D:8      | Noticed Psyche
  8003 | D:8      | Killed Psyche
  8455 | D:8      | Reached skill level 1 in Fighting
  9019 | D:8      | Reached skill level 10 in Stealth
  9146 | D:9      | HP: 2/47 [steam dragon/ball of steam (22)]
  9288 | D:9      | Noticed a two-headed ogre
  9292 | D:9      | Noticed a gargoyle
  9292 | D:9      | Noticed a green ugly thing
  9292 | D:9      | Noticed a boulder beetle
  9292 | D:9      | Noticed a manticore
  9292 | D:9      | Noticed a wizard
  9292 | D:9      | Noticed a cyclops
  9292 | D:9      | Noticed a centaur warrior
  9328 | D:9      | Reached * piety under Ashenzari
  9351 | D:9      | Noticed Joseph
  9400 | D:10     | Entered Level 10 of the Dungeon
  9902 | D:9      | Noticed a centaur warrior
  9968 | D:10     | Reached skill level 1 in Evocations
  9989 | D:10     | Noticed a two-headed ogre
 10234 | D:9      | Noticed a manticore
 10244 | D:9      | Killed a centaur warrior
 10248 | D:9      | Killed a manticore
 10249 | D:9      | Reached XP level 11. HP: 34/55 MP: 19/19
 10253 | D:9      | Killed Joseph
 10322 | D:9      | Reached skill level 5 in Evocations
 10483 | D:9      | Reached skill level 5 in Fighting
 10981 | D:7      | Killed Menkaure
 10995 | D:7      | Killed Maggie
 11116 | D:7      | Reached ** piety under Ashenzari
 11422 | D:5      | Found a bloodstained altar of Trog.
 11784 | D:9      | Noticed Erolcha
 11831 | D:9      | Killed a boulder beetle
 12049 | D:10     | Reached skill level 5 in Dodging
 12145 | D:10     | Found a shimmering blue altar of Sif Muna.
 12391 | D:10     | Killed a two-headed ogre
 12392 | D:10     | Reached skill level 1 in Polearms
 12621 | D:11     | Found a runed translucent gate.
 12621 | D:11     | Found a runed translucent gate.
 12621 | D:11     | Found a runed translucent gate.
 12624 | D:11     | Noticed jejorda2's ghost (journeyman MfBe)
 12796 | D:11     | Reached skill level 6 in Dodging
 13215 | D:11     | Noticed a boulder beetle
 13236 | D:11     | Killed a boulder beetle
 13288 | D:11     | Found a staircase to the Lair.
 13311 | D:11     | Reached skill level 7 in Dodging
 13363 | Lair:1   | Entered Level 1 of the Lair of Beasts
 13431 | Lair:1   | Reached XP level 12. HP: 62/62 MP: 21/21
 13472 | Lair:1   | Reached skill level 8 in Dodging
 13577 | Lair:1   | Noticed Grum
 13621 | Lair:1   | Reached skill level 9 in Dodging
 13624 | Lair:1   | Killed Grum
 14008 | Lair:1   | Reached skill level 5 in Polearms
 14008 | Lair:1   | Reached skill level 10 in Dodging
 14256 | Lair:1   | Found the +5 consecrated labrys {holy, Valiant Fragile Fly
                  | SInv}
 14921 | Lair:2   | Found a staircase to the Shoals.
 14927 | Lair:2   | Reached skill level 1 in Poison Magic
 14995 | Lair:2   | Reached *** piety under Ashenzari
 14995 | Lair:2   | Reached **** piety under Ashenzari
 15203 | Lair:3   | Identified the cursed +8 trident of Toth-Mos's Legacy
                  | {spect, Alch, Bglg} (You took it off a wight on level 6 of
                  | the Dungeon)
 15254 | Lair:3   | Identified the cursed +8 trident of Toth-Mos's Legacy
                  | {spect, Alch, Bglg} (You took it off a wight on level 6 of
                  | the Dungeon)
 15263 | Lair:3   | Identified the cursed +8 trident of Toth-Mos's Legacy
                  | {spect, Alch, Bglg} (You took it off a wight on level 6 of
                  | the Dungeon)
 15326 | Lair:3   | Identified the cursed +8 trident of Toth-Mos's Legacy
                  | {spect, Alch, Bglg} (You took it off a wight on level 6 of
                  | the Dungeon)
 15346 | Lair:3   | Learned a level 2 spell: Poisonous Vapours
 15349 | Lair:3   | Identified Sif Muna's Incunabulum of the Transformed Undead
 15392 | Lair:3   | Identified the cursed +8 trident of Toth-Mos's Legacy
                  | {spect, Alch, Bglg} (You took it off a wight on level 6 of
                  | the Dungeon)
 15394 | Lair:3   | Identified the cursed +8 trident of Toth-Mos's Legacy
                  | {spect, Alch, Bglg} (You took it off a wight on level 6 of
                  | the Dungeon)
 15433 | Lair:3   | Identified the cursed +8 trident of Toth-Mos's Legacy
                  | {spect, Alch, Bglg} (You took it off a wight on level 6 of
                  | the Dungeon)
 15440 | Lair:3   | Identified the cursed +8 trident of Toth-Mos's Legacy
                  | {spect, Alch, Bglg} (You took it off a wight on level 6 of
                  | the Dungeon)
 15467 | Lair:3   | Identified the cursed +8 trident of Toth-Mos's Legacy
                  | {spect, Alch, Bglg} (You took it off a wight on level 6 of
                  | the Dungeon)
 15473 | Lair:3   | Noticed a boulder beetle
 15481 | Lair:3   | Identified the cursed +8 trident of Toth-Mos's Legacy
                  | {spect, Alch, Bglg} (You took it off a wight on level 6 of
                  | the Dungeon)
 15482 | Lair:3   | Identified the cursed +8 trident of Toth-Mos's Legacy
                  | {spect, Alch, Bglg} (You took it off a wight on level 6 of
                  | the Dungeon)
 15485 | Lair:3   | Identified the cursed +8 trident of Toth-Mos's Legacy
                  | {spect, Alch, Bglg} (You took it off a wight on level 6 of
                  | the Dungeon)
 15487 | Lair:3   | Killed a boulder beetle
 15488 | Lair:3   | Reached skill level 1 in Necromancy
 15493 | Lair:3   | Identified the cursed +8 trident of Toth-Mos's Legacy
                  | {spect, Alch, Bglg} (You took it off a wight on level 6 of
                  | the Dungeon)
 15495 | Lair:3   | Reached XP level 13. HP: 58/67 MP: 23/23
 15500 | Lair:3   | Learned a level 4 spell: Animate Dead
 15528 | Lair:3   | Identified the cursed +8 trident of Toth-Mos's Legacy
                  | {spect, Alch, Bglg} (You took it off a wight on level 6 of
                  | the Dungeon)
 15695 | Lair:4   | Identified the cursed +8 trident of Toth-Mos's Legacy
                  | {spect, Alch, Bglg} (You took it off a wight on level 6 of
                  | the Dungeon)
 15743 | Lair:4   | Identified the cursed +8 trident of Toth-Mos's Legacy
                  | {spect, Alch, Bglg} (You took it off a wight on level 6 of
                  | the Dungeon)
 15750 | Lair:4   | Identified the cursed +8 trident of Toth-Mos's Legacy
                  | {spect, Alch, Bglg} (You took it off a wight on level 6 of
                  | the Dungeon)
 15754 | Lair:4   | Identified the cursed +8 trident of Toth-Mos's Legacy
                  | {spect, Alch, Bglg} (You took it off a wight on level 6 of
                  | the Dungeon)
 15756 | Lair:4   | Identified the cursed +8 trident of Toth-Mos's Legacy
                  | {spect, Alch, Bglg} (You took it off a wight on level 6 of
                  | the Dungeon)
 15759 | Lair:4   | Identified the cursed +8 trident of Toth-Mos's Legacy
                  | {spect, Alch, Bglg} (You took it off a wight on level 6 of
                  | the Dungeon)
 15764 | Lair:4   | Identified the cursed +8 trident of Toth-Mos's Legacy
                  | {spect, Alch, Bglg} (You took it off a wight on level 6 of
                  | the Dungeon)
 15766 | Lair:4   | Identified the cursed +8 trident of Toth-Mos's Legacy
                  | {spect, Alch, Bglg} (You took it off a wight on level 6 of
                  | the Dungeon)
 15772 | Lair:4   | Identified the cursed +8 trident of Toth-Mos's Legacy
                  | {spect, Alch, Bglg} (You took it off a wight on level 6 of
                  | the Dungeon)
 15774 | Lair:4   | Identified the cursed +8 trident of Toth-Mos's Legacy
                  | {spect, Alch, Bglg} (You took it off a wight on level 6 of
                  | the Dungeon)
 15783 | Lair:4   | Identified the cursed +8 trident of Toth-Mos's Legacy
                  | {spect, Alch, Bglg} (You took it off a wight on level 6 of
                  | the Dungeon)
 15785 | Lair:4   | Identified the cursed +8 trident of Toth-Mos's Legacy
                  | {spect, Alch, Bglg} (You took it off a wight on level 6 of
                  | the Dungeon)
 15788 | Lair:4   | Identified the cursed +8 trident of Toth-Mos's Legacy
                  | {spect, Alch, Bglg} (You took it off a wight on level 6 of
                  | the Dungeon)
 15791 | Lair:4   | Identified the cursed +8 trident of Toth-Mos's Legacy
                  | {spect, Alch, Bglg} (You took it off a wight on level 6 of
                  | the Dungeon)
 15957 | Lair:4   | Identified the cursed +8 trident of Toth-Mos's Legacy
                  | {spect, Alch, Bglg} (You took it off a wight on level 6 of
                  | the Dungeon)
 15972 | Lair:4   | Identified the cursed +8 trident of Toth-Mos's Legacy
                  | {spect, Alch, Bglg} (You took it off a wight on level 6 of
                  | the Dungeon)
 15977 | Lair:4   | Identified the cursed +8 trident of Toth-Mos's Legacy
                  | {spect, Alch, Bglg} (You took it off a wight on level 6 of
                  | the Dungeon)
 15984 | Lair:4   | Identified the cursed +8 trident of Toth-Mos's Legacy
                  | {spect, Alch, Bglg} (You took it off a wight on level 6 of
                  | the Dungeon)
 15987 | Lair:4   | Identified the cursed +8 trident of Toth-Mos's Legacy
                  | {spect, Alch, Bglg} (You took it off a wight on level 6 of
                  | the Dungeon)
 16010 | Lair:4   | Identified the cursed +8 trident of Toth-Mos's Legacy
                  | {spect, Alch, Bglg} (You took it off a wight on level 6 of
                  | the Dungeon)
 16069 | Lair:4   | Identified the cursed +8 trident of Toth-Mos's Legacy
                  | {spect, Alch, Bglg} (You took it off a wight on level 6 of
                  | the Dungeon)
 16074 | Lair:4   | Identified the cursed +8 trident of Toth-Mos's Legacy
                  | {spect, Alch, Bglg} (You took it off a wight on level 6 of
                  | the Dungeon)
 16075 | Lair:4   | Reached skill level 5 in Poison Magic
 16090 | Lair:4   | Identified the cursed +8 trident of Toth-Mos's Legacy
                  | {spect, Alch, Bglg} (You took it off a wight on level 6 of
                  | the Dungeon)
 16291 | Lair:4   | Identified the cursed +8 trident of Toth-Mos's Legacy
                  | {spect, Alch, Bglg} (You took it off a wight on level 6 of
                  | the Dungeon)
 16293 | Lair:4   | Identified the cursed +8 trident of Toth-Mos's Legacy
                  | {spect, Alch, Bglg} (You took it off a wight on level 6 of
                  | the Dungeon)
 16295 | Lair:4   | Identified the cursed +8 trident of Toth-Mos's Legacy
                  | {spect, Alch, Bglg} (You took it off a wight on level 6 of
                  | the Dungeon)
 16298 | Lair:4   | Identified the cursed +8 trident of Toth-Mos's Legacy
                  | {spect, Alch, Bglg} (You took it off a wight on level 6 of
                  | the Dungeon)
 16337 | Lair:4   | Identified the cursed +8 trident of Toth-Mos's Legacy
                  | {spect, Alch, Bglg} (You took it off a wight on level 6 of
                  | the Dungeon)
 16431 | Lair:4   | Identified the cursed +8 trident of Toth-Mos's Legacy
                  | {spect, Alch, Bglg} (You took it off a wight on level 6 of
                  | the Dungeon)
 16437 | Lair:4   | Identified the cursed +8 trident of Toth-Mos's Legacy
                  | {spect, Alch, Bglg} (You took it off a wight on level 6 of
                  | the Dungeon)
 16439 | Lair:4   | Identified the cursed +8 trident of Toth-Mos's Legacy
                  | {spect, Alch, Bglg} (You took it off a wight on level 6 of
                  | the Dungeon)
 16461 | Lair:4   | Identified the cursed +8 trident of Toth-Mos's Legacy
                  | {spect, Alch, Bglg} (You took it off a wight on level 6 of
                  | the Dungeon)
 16473 | Lair:4   | Identified the cursed +8 trident of Toth-Mos's Legacy
                  | {spect, Alch, Bglg} (You took it off a wight on level 6 of
                  | the Dungeon)
 16480 | Lair:4   | Reached ***** piety under Ashenzari
 16911 | Lair:5   | Entered Level 5 of the Lair of Beasts
 16923 | Lair:5   | Found a viscous altar of Jiyva.
 16959 | Lair:5   | Identified the cursed +8 trident of Toth-Mos's Legacy
                  | {spect, Alch, Bglg} (You took it off a wight on level 6 of
                  | the Dungeon)
 16965 | Lair:5   | Identified the cursed +8 trident of Toth-Mos's Legacy
                  | {spect, Alch, Bglg} (You took it off a wight on level 6 of
                  | the Dungeon)
 17061 | Lair:5   | Identified the cursed +8 trident of Toth-Mos's Legacy
                  | {spect, Alch, Bglg} (You took it off a wight on level 6 of
                  | the Dungeon)
 17065 | Lair:5   | Identified the cursed +8 trident of Toth-Mos's Legacy
                  | {spect, Alch, Bglg} (You took it off a wight on level 6 of
                  | the Dungeon)
 17078 | Lair:5   | Identified the cursed +8 trident of Toth-Mos's Legacy
                  | {spect, Alch, Bglg} (You took it off a wight on level 6 of
                  | the Dungeon)
 17083 | Lair:5   | Identified the cursed +8 trident of Toth-Mos's Legacy
                  | {spect, Alch, Bglg} (You took it off a wight on level 6 of
                  | the Dungeon)
 17091 | Lair:5   | Identified the cursed +8 trident of Toth-Mos's Legacy
                  | {spect, Alch, Bglg} (You took it off a wight on level 6 of
                  | the Dungeon)
 17098 | Lair:5   | Identified the cursed +8 trident of Toth-Mos's Legacy
                  | {spect, Alch, Bglg} (You took it off a wight on level 6 of
                  | the Dungeon)
 17103 | Lair:5   | Identified the cursed +8 trident of Toth-Mos's Legacy
                  | {spect, Alch, Bglg} (You took it off a wight on level 6 of
                  | the Dungeon)
 17143 | Lair:5   | Identified the cursed +8 trident of Toth-Mos's Legacy
                  | {spect, Alch, Bglg} (You took it off a wight on level 6 of
                  | the Dungeon)
 17151 | Lair:5   | Identified the cursed +8 trident of Toth-Mos's Legacy
                  | {spect, Alch, Bglg} (You took it off a wight on level 6 of
                  | the Dungeon)
 17159 | Lair:5   | Identified the cursed +8 trident of Toth-Mos's Legacy
                  | {spect, Alch, Bglg} (You took it off a wight on level 6 of
                  | the Dungeon)
 17195 | Lair:5   | Identified the cursed +8 trident of Toth-Mos's Legacy
                  | {spect, Alch, Bglg} (You took it off a wight on level 6 of
                  | the Dungeon)
 17196 | Lair:5   | Identified the cursed +8 trident of Toth-Mos's Legacy
                  | {spect, Alch, Bglg} (You took it off a wight on level 6 of
                  | the Dungeon)
 17202 | Lair:5   | Identified the cursed +8 trident of Toth-Mos's Legacy
                  | {spect, Alch, Bglg} (You took it off a wight on level 6 of
                  | the Dungeon)
 17205 | Lair:5   | Identified the cursed +8 trident of Toth-Mos's Legacy
                  | {spect, Alch, Bglg} (You took it off a wight on level 6 of
                  | the Dungeon)
 17237 | Lair:5   | Identified the cursed +8 trident of Toth-Mos's Legacy
                  | {spect, Alch, Bglg} (You took it off a wight on level 6 of
                  | the Dungeon)
 17241 | Lair:5   | Identified the cursed +8 trident of Toth-Mos's Legacy
                  | {spect, Alch, Bglg} (You took it off a wight on level 6 of
                  | the Dungeon)
 17251 | Lair:5   | Identified the cursed +8 trident of Toth-Mos's Legacy
                  | {spect, Alch, Bglg} (You took it off a wight on level 6 of
                  | the Dungeon)
 17256 | Lair:5   | Identified the cursed +8 trident of Toth-Mos's Legacy
                  | {spect, Alch, Bglg} (You took it off a wight on level 6 of
                  | the Dungeon)
 17258 | Lair:5   | Identified the cursed +8 trident of Toth-Mos's Legacy
                  | {spect, Alch, Bglg} (You took it off a wight on level 6 of
                  | the Dungeon)
 17409 | Lair:5   | Identified the cursed +8 trident of Toth-Mos's Legacy
                  | {spect, Alch, Bglg} (You took it off a wight on level 6 of
                  | the Dungeon)
 17424 | Lair:5   | Identified the cursed +8 trident of Toth-Mos's Legacy
                  | {spect, Alch, Bglg} (You took it off a wight on level 6 of
                  | the Dungeon)
 17448 | Lair:5   | Learned a level 5 spell: Borgnjor's Vile Clutch
 17472 | Lair:5   | Identified the cursed +8 trident of Toth-Mos's Legacy
                  | {spect, Alch, Bglg} (You took it off a wight on level 6 of
                  | the Dungeon)
 17510 | Lair:5   | Identified the cursed +8 trident of Toth-Mos's Legacy
                  | {spect, Alch, Bglg} (You took it off a wight on level 6 of
                  | the Dungeon)
 17539 | Lair:5   | Identified the cursed +8 trident of Toth-Mos's Legacy
                  | {spect, Alch, Bglg} (You took it off a wight on level 6 of
                  | the Dungeon)
 17543 | Lair:5   | Identified the cursed +8 trident of Toth-Mos's Legacy
                  | {spect, Alch, Bglg} (You took it off a wight on level 6 of
                  | the Dungeon)
 17558 | Lair:5   | Identified the cursed +8 trident of Toth-Mos's Legacy
                  | {spect, Alch, Bglg} (You took it off a wight on level 6 of
                  | the Dungeon)
 17562 | Lair:5   | Identified the cursed +8 trident of Toth-Mos's Legacy
                  | {spect, Alch, Bglg} (You took it off a wight on level 6 of
                  | the Dungeon)
 17577 | Lair:5   | Identified the cursed +8 trident of Toth-Mos's Legacy
                  | {spect, Alch, Bglg} (You took it off a wight on level 6 of
                  | the Dungeon)
 17596 | Lair:5   | Identified the cursed +8 trident of Toth-Mos's Legacy
                  | {spect, Alch, Bglg} (You took it off a wight on level 6 of
                  | the Dungeon)
 17599 | Lair:5   | Identified the cursed +8 trident of Toth-Mos's Legacy
                  | {spect, Alch, Bglg} (You took it off a wight on level 6 of
                  | the Dungeon)
 17601 | Lair:5   | Identified the cursed +8 trident of Toth-Mos's Legacy
                  | {spect, Alch, Bglg} (You took it off a wight on level 6 of
                  | the Dungeon)
 17603 | Lair:5   | Identified the cursed +8 trident of Toth-Mos's Legacy
                  | {spect, Alch, Bglg} (You took it off a wight on level 6 of
                  | the Dungeon)
 17633 | Lair:5   | Identified the cursed +8 trident of Toth-Mos's Legacy
                  | {spect, Alch, Bglg} (You took it off a wight on level 6 of
                  | the Dungeon)
 17644 | Lair:5   | Identified the cursed +8 trident of Toth-Mos's Legacy
                  | {spect, Alch, Bglg} (You took it off a wight on level 6 of
                  | the Dungeon)
 17646 | Lair:5   | Identified the cursed +8 trident of Toth-Mos's Legacy
                  | {spect, Alch, Bglg} (You took it off a wight on level 6 of
                  | the Dungeon)
 17650 | Lair:5   | Identified the cursed +8 trident of Toth-Mos's Legacy
                  | {spect, Alch, Bglg} (You took it off a wight on level 6 of
                  | the Dungeon)
 17660 | Lair:5   | Identified the cursed +8 trident of Toth-Mos's Legacy
                  | {spect, Alch, Bglg} (You took it off a wight on level 6 of
                  | the Dungeon)
 17704 | Lair:5   | Identified the cursed +8 trident of Toth-Mos's Legacy
                  | {spect, Alch, Bglg} (You took it off a wight on level 6 of
                  | the Dungeon)
 17721 | Lair:5   | Identified the Excursus on the Jaunt and Nephomancy
 17731 | Lair:5   | Identified the cursed +8 trident of Toth-Mos's Legacy
                  | {spect, Alch, Bglg} (You took it off a wight on level 6 of
                  | the Dungeon)
 17736 | Lair:5   | Identified the cursed +8 trident of Toth-Mos's Legacy
                  | {spect, Alch, Bglg} (You took it off a wight on level 6 of
                  | the Dungeon)
 17751 | Lair:5   | Identified the cursed +8 trident of Toth-Mos's Legacy
                  | {spect, Alch, Bglg} (You took it off a wight on level 6 of
                  | the Dungeon)
 17753 | Lair:5   | Identified the cursed +8 trident of Toth-Mos's Legacy
                  | {spect, Alch, Bglg} (You took it off a wight on level 6 of
                  | the Dungeon)
 17755 | Lair:5   | Identified the cursed +8 trident of Toth-Mos's Legacy
                  | {spect, Alch, Bglg} (You took it off a wight on level 6 of
                  | the Dungeon)
 17785 | Lair:5   | Identified the cursed +8 trident of Toth-Mos's Legacy
                  | {spect, Alch, Bglg} (You took it off a wight on level 6 of
                  | the Dungeon)
 17823 | Lair:5   | Identified the cursed +8 trident of Toth-Mos's Legacy
                  | {spect, Alch, Bglg} (You took it off a wight on level 6 of
                  | the Dungeon)
 17835 | Lair:5   | Identified the cursed +8 trident of Toth-Mos's Legacy
                  | {spect, Alch, Bglg} (You took it off a wight on level 6 of
                  | the Dungeon)
 17837 | Lair:5   | Identified the cursed +8 trident of Toth-Mos's Legacy
                  | {spect, Alch, Bglg} (You took it off a wight on level 6 of
                  | the Dungeon)
 17840 | Lair:5   | Identified the cursed +8 trident of Toth-Mos's Legacy
                  | {spect, Alch, Bglg} (You took it off a wight on level 6 of
                  | the Dungeon)
 17844 | Lair:5   | Identified the cursed +8 trident of Toth-Mos's Legacy
                  | {spect, Alch, Bglg} (You took it off a wight on level 6 of
                  | the Dungeon)
 17861 | Lair:5   | Identified the cursed +8 trident of Toth-Mos's Legacy
                  | {spect, Alch, Bglg} (You took it off a wight on level 6 of
                  | the Dungeon)
 17890 | Lair:5   | Identified the cursed +8 trident of Toth-Mos's Legacy
                  | {spect, Alch, Bglg} (You took it off a wight on level 6 of
                  | the Dungeon)
 17977 | Lair:5   | Identified the cursed +8 trident of Toth-Mos's Legacy
                  | {spect, Alch, Bglg} (You took it off a wight on level 6 of
                  | the Dungeon)
 18006 | Lair:5   | Identified the cursed +8 trident of Toth-Mos's Legacy
                  | {spect, Alch, Bglg} (You took it off a wight on level 6 of
                  | the Dungeon)
 18009 | Lair:5   | Reached skill level 5 in Necromancy
 18038 | Lair:5   | Identified the cursed +8 trident of Toth-Mos's Legacy
                  | {spect, Alch, Bglg} (You took it off a wight on level 6 of
                  | the Dungeon)
 18044 | Lair:5   | Identified the cursed +8 trident of Toth-Mos's Legacy
                  | {spect, Alch, Bglg} (You took it off a wight on level 6 of
                  | the Dungeon)
 18049 | Lair:5   | Identified the cursed +8 trident of Toth-Mos's Legacy
                  | {spect, Alch, Bglg} (You took it off a wight on level 6 of
                  | the Dungeon)
 18058 | Lair:5   | Identified the +6 arbalest of Bamio {antimagic, rElec rC+
                  | Int-4 Dex+6}
 18058 | Lair:5   | Identified the +3 dire flail of Hepliaklqana's Esteem
                  | {flame, Str+5}
 18076 | Lair:5   | Identified the cursed +8 trident of Toth-Mos's Legacy
                  | {spect, Alch, Bglg} (You took it off a wight on level 6 of
                  | the Dungeon)
 18083 | Lair:5   | Identified the cursed +8 trident of Toth-Mos's Legacy
                  | {spect, Alch, Bglg} (You took it off a wight on level 6 of
                  | the Dungeon)
 18120 | Lair:5   | Identified the cursed +8 trident of Toth-Mos's Legacy
                  | {spect, Alch, Bglg} (You took it off a wight on level 6 of
                  | the Dungeon)
 18123 | Lair:5   | Identified the cursed +8 trident of Toth-Mos's Legacy
                  | {spect, Alch, Bglg} (You took it off a wight on level 6 of
                  | the Dungeon)
 18130 | Lair:5   | Identified the cursed +8 trident of Toth-Mos's Legacy
                  | {spect, Alch, Bglg} (You took it off a wight on level 6 of
                  | the Dungeon)
 18134 | Lair:5   | Identified the cursed +8 trident of Toth-Mos's Legacy
                  | {spect, Alch, Bglg} (You took it off a wight on level 6 of
                  | the Dungeon)
 18138 | Lair:5   | Identified the cursed +8 trident of Toth-Mos's Legacy
                  | {spect, Alch, Bglg} (You took it off a wight on level 6 of
                  | the Dungeon)
 18143 | Lair:5   | Identified the cursed +8 trident of Toth-Mos's Legacy
                  | {spect, Alch, Bglg} (You took it off a wight on level 6 of
                  | the Dungeon)
 18153 | Lair:5   | Identified the cursed +8 trident of Toth-Mos's Legacy
                  | {spect, Alch, Bglg} (You took it off a wight on level 6 of
                  | the Dungeon)
 18247 | Lair:5   | Identified the cursed +8 trident of Toth-Mos's Legacy
                  | {spect, Alch, Bglg} (You took it off a wight on level 6 of
                  | the Dungeon)
 18254 | Lair:5   | Identified the cursed +8 trident of Toth-Mos's Legacy
                  | {spect, Alch, Bglg} (You took it off a wight on level 6 of
                  | the Dungeon)
 18257 | Lair:5   | Identified the cursed +8 trident of Toth-Mos's Legacy
                  | {spect, Alch, Bglg} (You took it off a wight on level 6 of
                  | the Dungeon)
 18261 | Lair:5   | Identified the cursed +8 trident of Toth-Mos's Legacy
                  | {spect, Alch, Bglg} (You took it off a wight on level 6 of
                  | the Dungeon)
 18263 | Lair:5   | Identified the cursed +8 trident of Toth-Mos's Legacy
                  | {spect, Alch, Bglg} (You took it off a wight on level 6 of
                  | the Dungeon)
 18267 | Lair:5   | Identified the cursed +8 trident of Toth-Mos's Legacy
                  | {spect, Alch, Bglg} (You took it off a wight on level 6 of
                  | the Dungeon)
 18270 | Lair:5   | Identified the cursed +8 trident of Toth-Mos's Legacy
                  | {spect, Alch, Bglg} (You took it off a wight on level 6 of
                  | the Dungeon)
 18274 | Lair:5   | Identified the cursed +8 trident of Toth-Mos's Legacy
                  | {spect, Alch, Bglg} (You took it off a wight on level 6 of
                  | the Dungeon)
 18276 | Lair:5   | Identified the cursed +8 trident of Toth-Mos's Legacy
                  | {spect, Alch, Bglg} (You took it off a wight on level 6 of
                  | the Dungeon)
 18278 | Lair:5   | Identified the cursed +8 trident of Toth-Mos's Legacy
                  | {spect, Alch, Bglg} (You took it off a wight on level 6 of
                  | the Dungeon)
 18280 | Lair:5   | Identified the cursed +8 trident of Toth-Mos's Legacy
                  | {spect, Alch, Bglg} (You took it off a wight on level 6 of
                  | the Dungeon)
 18281 | Lair:5   | Identified the cursed +8 trident of Toth-Mos's Legacy
                  | {spect, Alch, Bglg} (You took it off a wight on level 6 of
                  | the Dungeon)
 18283 | Lair:5   | Identified the cursed +8 trident of Toth-Mos's Legacy
                  | {spect, Alch, Bglg} (You took it off a wight on level 6 of
                  | the Dungeon)
 18284 | Lair:5   | Reached XP level 14. HP: 69/72 MP: 24/24
 18328 | Lair:5   | Identified the cursed +8 trident of Toth-Mos's Legacy
                  | {spect, Alch, Bglg} (You took it off a wight on level 6 of
                  | the Dungeon)
 18347 | Lair:5   | Identified the cursed +8 trident of Toth-Mos's Legacy
                  | {spect, Alch, Bglg} (You took it off a wight on level 6 of
                  | the Dungeon)
 18396 | Lair:5   | Identified the cursed +8 trident of Toth-Mos's Legacy
                  | {spect, Alch, Bglg} (You took it off a wight on level 6 of
                  | the Dungeon)
 18399 | Lair:5   | Identified the cursed +8 trident of Toth-Mos's Legacy
                  | {spect, Alch, Bglg} (You took it off a wight on level 6 of
                  | the Dungeon)
 18401 | Lair:5   | Identified the cursed +8 trident of Toth-Mos's Legacy
                  | {spect, Alch, Bglg} (You took it off a wight on level 6 of
                  | the Dungeon)
 18406 | Lair:5   | Identified the cursed +8 trident of Toth-Mos's Legacy
                  | {spect, Alch, Bglg} (You took it off a wight on level 6 of
                  | the Dungeon)
 18409 | Lair:5   | Identified the cursed +8 trident of Toth-Mos's Legacy
                  | {spect, Alch, Bglg} (You took it off a wight on level 6 of
                  | the Dungeon)
 18410 | Lair:5   | Identified the cursed +8 trident of Toth-Mos's Legacy
                  | {spect, Alch, Bglg} (You took it off a wight on level 6 of
                  | the Dungeon)
 18412 | Lair:5   | Identified the cursed +8 trident of Toth-Mos's Legacy
                  | {spect, Alch, Bglg} (You took it off a wight on level 6 of
                  | the Dungeon)
 18415 | Lair:5   | Identified the cursed +8 trident of Toth-Mos's Legacy
                  | {spect, Alch, Bglg} (You took it off a wight on level 6 of
                  | the Dungeon)
 18420 | Lair:5   | Identified the cursed +8 trident of Toth-Mos's Legacy
                  | {spect, Alch, Bglg} (You took it off a wight on level 6 of
                  | the Dungeon)
 18422 | Lair:5   | Identified the cursed +8 trident of Toth-Mos's Legacy
                  | {spect, Alch, Bglg} (You took it off a wight on level 6 of
                  | the Dungeon)
 18424 | Lair:5   | Identified the cursed +8 trident of Toth-Mos's Legacy
                  | {spect, Alch, Bglg} (You took it off a wight on level 6 of
                  | the Dungeon)
 18434 | Lair:5   | Identified the cursed +8 trident of Toth-Mos's Legacy
                  | {spect, Alch, Bglg} (You took it off a wight on level 6 of
                  | the Dungeon)
 18435 | Lair:5   | Identified a scroll of acquirement
 18438 | Lair:5   | Identified the cursed +8 trident of Toth-Mos's Legacy
                  | {spect, Alch, Bglg} (You took it off a wight on level 6 of
                  | the Dungeon)
 18440 | Lair:5   | Identified the cursed +8 trident of Toth-Mos's Legacy
                  | {spect, Alch, Bglg} (You took it off a wight on level 6 of
                  | the Dungeon)
 18474 | Lair:5   | Identified the cursed +8 trident of Toth-Mos's Legacy
                  | {spect, Alch, Bglg} (You took it off a wight on level 6 of
                  | the Dungeon)
 18516 | Lair:5   | Identified the cursed +8 trident of Toth-Mos's Legacy
                  | {spect, Alch, Bglg} (You took it off a wight on level 6 of
                  | the Dungeon)
 18528 | Lair:5   | Identified the cursed +8 trident of Toth-Mos's Legacy
                  | {spect, Alch, Bglg} (You took it off a wight on level 6 of
                  | the Dungeon)
 18531 | Lair:5   | Reached skill level 5 in Earth Magic
 18576 | Lair:5   | Identified the cursed +8 trident of Toth-Mos's Legacy
                  | {spect, Alch, Bglg} (You took it off a wight on level 6 of
                  | the Dungeon)
 18577 | Lair:5   | Identified the cursed +8 trident of Toth-Mos's Legacy
                  | {spect, Alch, Bglg} (You took it off a wight on level 6 of
                  | the Dungeon)
 18734 | Lair:5   | Acquired the +1 hat of the Delicate God {rF+}
 18748 | Lair:5   | Found a staircase to the Slime Pits.
 18766 | Lair:5   | Identified the cursed +8 trident of Toth-Mos's Legacy
                  | {spect, Alch, Bglg} (You took it off a wight on level 6 of
                  | the Dungeon)
 18770 | Lair:5   | Identified the cursed +8 trident of Toth-Mos's Legacy
                  | {spect, Alch, Bglg} (You took it off a wight on level 6 of
                  | the Dungeon)
 18772 | Lair:5   | Identified the cursed +8 trident of Toth-Mos's Legacy
                  | {spect, Alch, Bglg} (You took it off a wight on level 6 of
                  | the Dungeon)
 18790 | Lair:5   | Identified the cursed +8 trident of Toth-Mos's Legacy
                  | {spect, Alch, Bglg} (You took it off a wight on level 6 of
                  | the Dungeon)
 18794 | Lair:5   | Identified the cursed +8 trident of Toth-Mos's Legacy
                  | {spect, Alch, Bglg} (You took it off a wight on level 6 of
                  | the Dungeon)
 18801 | Lair:5   | Identified the cursed +8 trident of Toth-Mos's Legacy
                  | {spect, Alch, Bglg} (You took it off a wight on level 6 of
                  | the Dungeon)
 18804 | Lair:5   | Identified the cursed +8 trident of Toth-Mos's Legacy
                  | {spect, Alch, Bglg} (You took it off a wight on level 6 of
                  | the Dungeon)
 18809 | Lair:5   | Identified the cursed +8 trident of Toth-Mos's Legacy
                  | {spect, Alch, Bglg} (You took it off a wight on level 6 of
                  | the Dungeon)
 18816 | Lair:5   | Identified the cursed +8 trident of Toth-Mos's Legacy
                  | {spect, Alch, Bglg} (You took it off a wight on level 6 of
                  | the Dungeon)
 18818 | Lair:5   | Identified the cursed +8 trident of Toth-Mos's Legacy
                  | {spect, Alch, Bglg} (You took it off a wight on level 6 of
                  | the Dungeon)
 18820 | Lair:5   | Identified the cursed +8 trident of Toth-Mos's Legacy
                  | {spect, Alch, Bglg} (You took it off a wight on level 6 of
                  | the Dungeon)
 18906 | Lair:5   | Identified the cursed +8 trident of Toth-Mos's Legacy
                  | {spect, Alch, Bglg} (You took it off a wight on level 6 of
                  | the Dungeon)
 18909 | Lair:5   | Reached skill level 5 in Spellcasting
 18948 | Lair:5   | Identified the cursed +8 trident of Toth-Mos's Legacy
                  | {spect, Alch, Bglg} (You took it off a wight on level 6 of
                  | the Dungeon)
 18954 | Lair:5   | Identified the cursed +8 trident of Toth-Mos's Legacy
                  | {spect, Alch, Bglg} (You took it off a wight on level 6 of
                  | the Dungeon)
 19169 | Lair:3   | Identified the cursed +8 trident of Toth-Mos's Legacy
                  | {spect, Alch, Bglg} (You took it off a wight on level 6 of
                  | the Dungeon)
 19173 | Lair:3   | Identified the cursed +8 trident of Toth-Mos's Legacy
                  | {spect, Alch, Bglg} (You took it off a wight on level 6 of
                  | the Dungeon)
 19213 | Lair:3   | Identified the cursed +8 trident of Toth-Mos's Legacy
                  | {spect, Alch, Bglg} (You took it off a wight on level 6 of
                  | the Dungeon)
 19223 | Lair:3   | Identified the cursed +8 trident of Toth-Mos's Legacy
                  | {spect, Alch, Bglg} (You took it off a wight on level 6 of
                  | the Dungeon)
 19226 | Lair:3   | Identified the cursed +8 trident of Toth-Mos's Legacy
                  | {spect, Alch, Bglg} (You took it off a wight on level 6 of
                  | the Dungeon)
 19231 | Lair:3   | Identified the cursed +8 trident of Toth-Mos's Legacy
                  | {spect, Alch, Bglg} (You took it off a wight on level 6 of
                  | the Dungeon)
 19233 | Lair:3   | Identified the cursed +8 trident of Toth-Mos's Legacy
                  | {spect, Alch, Bglg} (You took it off a wight on level 6 of
                  | the Dungeon)
 19243 | Lair:3   | Identified the cursed +8 trident of Toth-Mos's Legacy
                  | {spect, Alch, Bglg} (You took it off a wight on level 6 of
                  | the Dungeon)
 19311 | Lair:3   | Found a staircase to the Snake Pit.
 19400 | Lair:3   | Identified the cursed +8 trident of Toth-Mos's Legacy
                  | {spect, Alch, Bglg} (You took it off a wight on level 6 of
                  | the Dungeon)
 19402 | Lair:3   | Identified the cursed +8 trident of Toth-Mos's Legacy
                  | {spect, Alch, Bglg} (You took it off a wight on level 6 of
                  | the Dungeon)
 19405 | Lair:3   | Identified the cursed +8 trident of Toth-Mos's Legacy
                  | {spect, Alch, Bglg} (You took it off a wight on level 6 of
                  | the Dungeon)
 19598 | Lair:3   | Identified the cursed +8 trident of Toth-Mos's Legacy
                  | {spect, Alch, Bglg} (You took it off a wight on level 6 of
                  | the Dungeon)
 19608 | Lair:3   | Identified the cursed +8 trident of Toth-Mos's Legacy
                  | {spect, Alch, Bglg} (You took it off a wight on level 6 of
                  | the Dungeon)
 19798 | Lair:3   | Identified the cursed +8 trident of Toth-Mos's Legacy
                  | {spect, Alch, Bglg} (You took it off a wight on level 6 of
                  | the Dungeon)
 20245 | D:11     | Identified the cursed +8 trident of Toth-Mos's Legacy
                  | {spect, Alch, Bglg} (You took it off a wight on level 6 of
                  | the Dungeon)
 20267 | D:11     | Identified the cursed +8 trident of Toth-Mos's Legacy
                  | {spect, Alch, Bglg} (You took it off a wight on level 6 of
                  | the Dungeon)
 20273 | D:11     | Identified the cursed +8 trident of Toth-Mos's Legacy
                  | {spect, Alch, Bglg} (You took it off a wight on level 6 of
                  | the Dungeon)
 20341 | D:12     | Identified the cursed +8 trident of Toth-Mos's Legacy
                  | {spect, Alch, Bglg} (You took it off a wight on level 6 of
                  | the Dungeon)
 20345 | D:12     | Identified the cursed +8 trident of Toth-Mos's Legacy
                  | {spect, Alch, Bglg} (You took it off a wight on level 6 of
                  | the Dungeon)
 20347 | D:12     | Identified the cursed +8 trident of Toth-Mos's Legacy
                  | {spect, Alch, Bglg} (You took it off a wight on level 6 of
                  | the Dungeon)
 20352 | D:12     | Identified the cursed +8 trident of Toth-Mos's Legacy
                  | {spect, Alch, Bglg} (You took it off a wight on level 6 of
                  | the Dungeon)
 20354 | D:12     | Identified the cursed +8 trident of Toth-Mos's Legacy
                  | {spect, Alch, Bglg} (You took it off a wight on level 6 of
                  | the Dungeon)
 20357 | D:12     | Identified the cursed +8 trident of Toth-Mos's Legacy
                  | {spect, Alch, Bglg} (You took it off a wight on level 6 of
                  | the Dungeon)
 20359 | D:12     | Identified the cursed +8 trident of Toth-Mos's Legacy
                  | {spect, Alch, Bglg} (You took it off a wight on level 6 of
                  | the Dungeon)
 20361 | D:12     | Identified the cursed +8 trident of Toth-Mos's Legacy
                  | {spect, Alch, Bglg} (You took it off a wight on level 6 of
                  | the Dungeon)
 20373 | D:12     | Identified the cursed +8 trident of Toth-Mos's Legacy
                  | {spect, Alch, Bglg} (You took it off a wight on level 6 of
                  | the Dungeon)
 20374 | D:12     | Noticed Azrael
 20393 | D:12     | Identified the cursed +8 trident of Toth-Mos's Legacy
                  | {spect, Alch, Bglg} (You took it off a wight on level 6 of
                  | the Dungeon)
 20671 | D:12     | Identified the cursed +8 trident of Toth-Mos's Legacy
                  | {spect, Alch, Bglg} (You took it off a wight on level 6 of
                  | the Dungeon)
 20673 | D:12     | Identified the cursed +8 trident of Toth-Mos's Legacy
                  | {spect, Alch, Bglg} (You took it off a wight on level 6 of
                  | the Dungeon)
 20676 | D:12     | Identified the cursed +8 trident of Toth-Mos's Legacy
                  | {spect, Alch, Bglg} (You took it off a wight on level 6 of
                  | the Dungeon)
 20677 | D:12     | Identified the cursed +8 trident of Toth-Mos's Legacy
                  | {spect, Alch, Bglg} (You took it off a wight on level 6 of
                  | the Dungeon)
 20698 | D:12     | Identified the cursed +8 trident of Toth-Mos's Legacy
                  | {spect, Alch, Bglg} (You took it off a wight on level 6 of
                  | the Dungeon)
 20701 | D:12     | Identified the cursed +8 trident of Toth-Mos's Legacy
                  | {spect, Alch, Bglg} (You took it off a wight on level 6 of
                  | the Dungeon)
 20741 | D:12     | Identified the cursed +8 trident of Toth-Mos's Legacy
                  | {spect, Alch, Bglg} (You took it off a wight on level 6 of
                  | the Dungeon)
 20743 | D:12     | Identified the cursed +8 trident of Toth-Mos's Legacy
                  | {spect, Alch, Bglg} (You took it off a wight on level 6 of
                  | the Dungeon)
 20745 | D:12     | Identified the cursed +8 trident of Toth-Mos's Legacy
                  | {spect, Alch, Bglg} (You took it off a wight on level 6 of
                  | the Dungeon)
 20757 | D:12     | Identified the cursed +8 trident of Toth-Mos's Legacy
                  | {spect, Alch, Bglg} (You took it off a wight on level 6 of
                  | the Dungeon)
 20760 | D:12     | Identified the cursed +8 trident of Toth-Mos's Legacy
                  | {spect, Alch, Bglg} (You took it off a wight on level 6 of
                  | the Dungeon)
 20763 | D:12     | Identified the cursed +8 trident of Toth-Mos's Legacy
                  | {spect, Alch, Bglg} (You took it off a wight on level 6 of
                  | the Dungeon)
 20765 | D:12     | Identified the cursed +8 trident of Toth-Mos's Legacy
                  | {spect, Alch, Bglg} (You took it off a wight on level 6 of
                  | the Dungeon)
 20769 | D:12     | Identified the cursed +8 trident of Toth-Mos's Legacy
                  | {spect, Alch, Bglg} (You took it off a wight on level 6 of
                  | the Dungeon)
 20808 | D:12     | Identified the cursed +8 trident of Toth-Mos's Legacy
                  | {spect, Alch, Bglg} (You took it off a wight on level 6 of
                  | the Dungeon)
 20888 | D:12     | Identified the cursed +8 trident of Toth-Mos's Legacy
                  | {spect, Alch, Bglg} (You took it off a wight on level 6 of
                  | the Dungeon)
 20892 | D:12     | Identified the cursed +8 trident of Toth-Mos's Legacy
                  | {spect, Alch, Bglg} (You took it off a wight on level 6 of
                  | the Dungeon)
 20894 | D:12     | Identified the cursed +8 trident of Toth-Mos's Legacy
                  | {spect, Alch, Bglg} (You took it off a wight on level 6 of
                  | the Dungeon)
 20896 | D:12     | Identified the cursed +8 trident of Toth-Mos's Legacy
                  | {spect, Alch, Bglg} (You took it off a wight on level 6 of
                  | the Dungeon)
 20900 | D:12     | Identified the cursed +8 trident of Toth-Mos's Legacy
                  | {spect, Alch, Bglg} (You took it off a wight on level 6 of
                  | the Dungeon)
 20902 | D:12     | Identified the cursed +8 trident of Toth-Mos's Legacy
                  | {spect, Alch, Bglg} (You took it off a wight on level 6 of
                  | the Dungeon)
 20903 | D:12     | Killed Azrael
 21084 | D:12     | Identified the cursed +8 trident of Toth-Mos's Legacy
                  | {spect, Alch, Bglg} (You took it off a wight on level 6 of
                  | the Dungeon)
 21088 | D:12     | Identified the cursed +8 trident of Toth-Mos's Legacy
                  | {spect, Alch, Bglg} (You took it off a wight on level 6 of
                  | the Dungeon)
 21091 | D:12     | Identified the cursed +8 trident of Toth-Mos's Legacy
                  | {spect, Alch, Bglg} (You took it off a wight on level 6 of
                  | the Dungeon)
 21097 | D:12     | Identified the cursed +8 trident of Toth-Mos's Legacy
                  | {spect, Alch, Bglg} (You took it off a wight on level 6 of
                  | the Dungeon)
 21104 | D:12     | Identified the cursed +8 trident of Toth-Mos's Legacy
                  | {spect, Alch, Bglg} (You took it off a wight on level 6 of
                  | the Dungeon)
 21106 | D:12     | Identified the cursed +8 trident of Toth-Mos's Legacy
                  | {spect, Alch, Bglg} (You took it off a wight on level 6 of
                  | the Dungeon)
 21117 | D:12     | Identified the cursed +8 trident of Toth-Mos's Legacy
                  | {spect, Alch, Bglg} (You took it off a wight on level 6 of
                  | the Dungeon)
 21159 | D:12     | Found a staircase to the Orcish Mines.
 21166 | D:12     | Identified the cursed +8 trident of Toth-Mos's Legacy
                  | {spect, Alch, Bglg} (You took it off a wight on level 6 of
                  | the Dungeon)
 21175 | D:12     | Identified the cursed +8 trident of Toth-Mos's Legacy
                  | {spect, Alch, Bglg} (You took it off a wight on level 6 of
                  | the Dungeon)
 21184 | D:12     | Identified the cursed +8 trident of Toth-Mos's Legacy
                  | {spect, Alch, Bglg} (You took it off a wight on level 6 of
                  | the Dungeon)
 21186 | D:12     | Identified the cursed +8 trident of Toth-Mos's Legacy
                  | {spect, Alch, Bglg} (You took it off a wight on level 6 of
                  | the Dungeon)
 21195 | Orc:1    | Entered Level 1 of the Orcish Mines
 21195 | Orc:1    | Found a burning altar of Makhleb.
 21201 | Orc:1    | Identified the cursed +8 trident of Toth-Mos's Legacy
                  | {spect, Alch, Bglg} (You took it off a wight on level 6 of
                  | the Dungeon)
 21255 | Orc:1    | Identified the cursed +8 trident of Toth-Mos's Legacy
                  | {spect, Alch, Bglg} (You took it off a wight on level 6 of
                  | the Dungeon)
 21260 | Orc:1    | Identified the cursed +8 trident of Toth-Mos's Legacy
                  | {spect, Alch, Bglg} (You took it off a wight on level 6 of
                  | the Dungeon)
 21375 | Orc:2    | Entered Level 2 of the Orcish Mines
 21379 | Orc:2    | Identified the cursed +8 trident of Toth-Mos's Legacy
                  | {spect, Alch, Bglg} (You took it off a wight on level 6 of
                  | the Dungeon)
 21382 | Orc:1    | Identified the cursed +8 trident of Toth-Mos's Legacy
                  | {spect, Alch, Bglg} (You took it off a wight on level 6 of
                  | the Dungeon)
 21398 | Orc:1    | Identified the cursed +8 trident of Toth-Mos's Legacy
                  | {spect, Alch, Bglg} (You took it off a wight on level 6 of
                  | the Dungeon)
 21402 | Orc:1    | Identified the cursed +8 trident of Toth-Mos's Legacy
                  | {spect, Alch, Bglg} (You took it off a wight on level 6 of
                  | the Dungeon)
 21416 | Orc:1    | Identified the cursed +8 trident of Toth-Mos's Legacy
                  | {spect, Alch, Bglg} (You took it off a wight on level 6 of
                  | the Dungeon)
 21420 | Orc:2    | Identified the cursed +8 trident of Toth-Mos's Legacy
                  | {spect, Alch, Bglg} (You took it off a wight on level 6 of
                  | the Dungeon)
 21422 | Orc:2    | Identified the cursed +8 trident of Toth-Mos's Legacy
                  | {spect, Alch, Bglg} (You took it off a wight on level 6 of
                  | the Dungeon)
 21427 | Orc:2    | Identified the cursed +8 trident of Toth-Mos's Legacy
                  | {spect, Alch, Bglg} (You took it off a wight on level 6 of
                  | the Dungeon)
 21431 | Orc:2    | Identified the cursed +8 trident of Toth-Mos's Legacy
                  | {spect, Alch, Bglg} (You took it off a wight on level 6 of
                  | the Dungeon)
 21433 | Orc:2    | Identified the cursed +8 trident of Toth-Mos's Legacy
                  | {spect, Alch, Bglg} (You took it off a wight on level 6 of
                  | the Dungeon)
 21434 | Orc:2    | Identified the cursed +8 trident of Toth-Mos's Legacy
                  | {spect, Alch, Bglg} (You took it off a wight on level 6 of
                  | the Dungeon)
 21438 | Orc:2    | Identified the cursed +8 trident of Toth-Mos's Legacy
                  | {spect, Alch, Bglg} (You took it off a wight on level 6 of
                  | the Dungeon)
 21546 | Orc:1    | Identified the cursed +8 trident of Toth-Mos's Legacy
                  | {spect, Alch, Bglg} (You took it off a wight on level 6 of
                  | the Dungeon)
 21553 | Orc:1    | Identified the cursed +8 trident of Toth-Mos's Legacy
                  | {spect, Alch, Bglg} (You took it off a wight on level 6 of
                  | the Dungeon)
 21560 | Orc:1    | Identified the cursed +8 trident of Toth-Mos's Legacy
                  | {spect, Alch, Bglg} (You took it off a wight on level 6 of
                  | the Dungeon)
 21564 | Orc:1    | Identified the cursed +8 trident of Toth-Mos's Legacy
                  | {spect, Alch, Bglg} (You took it off a wight on level 6 of
                  | the Dungeon)
 21569 | Orc:1    | Identified the cursed +8 trident of Toth-Mos's Legacy
                  | {spect, Alch, Bglg} (You took it off a wight on level 6 of
                  | the Dungeon)
 21573 | Orc:1    | Identified the cursed +8 trident of Toth-Mos's Legacy
                  | {spect, Alch, Bglg} (You took it off a wight on level 6 of
                  | the Dungeon)
 21575 | Orc:1    | Identified the cursed +8 trident of Toth-Mos's Legacy
                  | {spect, Alch, Bglg} (You took it off a wight on level 6 of
                  | the Dungeon)
 21583 | Orc:2    | Identified the cursed +8 trident of Toth-Mos's Legacy
                  | {spect, Alch, Bglg} (You took it off a wight on level 6 of
                  | the Dungeon)
 21719 | Orc:2    | Identified the cursed +8 trident of Toth-Mos's Legacy
                  | {spect, Alch, Bglg} (You took it off a wight on level 6 of
                  | the Dungeon)
 21721 | Orc:2    | Identified the cursed +8 trident of Toth-Mos's Legacy
                  | {spect, Alch, Bglg} (You took it off a wight on level 6 of
                  | the Dungeon)
 21723 | Orc:2    | Identified the cursed +8 trident of Toth-Mos's Legacy
                  | {spect, Alch, Bglg} (You took it off a wight on level 6 of
                  | the Dungeon)
 21727 | Orc:2    | Identified the cursed +8 trident of Toth-Mos's Legacy
                  | {spect, Alch, Bglg} (You took it off a wight on level 6 of
                  | the Dungeon)
 21748 | Orc:1    | Identified the cursed +8 trident of Toth-Mos's Legacy
                  | {spect, Alch, Bglg} (You took it off a wight on level 6 of
                  | the Dungeon)
 21750 | Orc:1    | Identified the cursed +8 trident of Toth-Mos's Legacy
                  | {spect, Alch, Bglg} (You took it off a wight on level 6 of
                  | the Dungeon)
 21754 | Orc:1    | Identified the cursed +8 trident of Toth-Mos's Legacy
                  | {spect, Alch, Bglg} (You took it off a wight on level 6 of
                  | the Dungeon)
 21758 | Orc:1    | Identified the cursed +8 trident of Toth-Mos's Legacy
                  | {spect, Alch, Bglg} (You took it off a wight on level 6 of
                  | the Dungeon)
 21764 | Orc:1    | Identified the cursed +8 trident of Toth-Mos's Legacy
                  | {spect, Alch, Bglg} (You took it off a wight on level 6 of
                  | the Dungeon)
 21769 | Orc:1    | Identified the cursed +8 trident of Toth-Mos's Legacy
                  | {spect, Alch, Bglg} (You took it off a wight on level 6 of
                  | the Dungeon)
 21772 | Orc:1    | Identified the cursed +8 trident of Toth-Mos's Legacy
                  | {spect, Alch, Bglg} (You took it off a wight on level 6 of
                  | the Dungeon)
 21775 | Orc:1    | Identified the cursed +8 trident of Toth-Mos's Legacy
                  | {spect, Alch, Bglg} (You took it off a wight on level 6 of
                  | the Dungeon)
 21778 | Orc:1    | Identified the cursed +8 trident of Toth-Mos's Legacy
                  | {spect, Alch, Bglg} (You took it off a wight on level 6 of
                  | the Dungeon)
 21782 | Orc:1    | Identified the cursed +8 trident of Toth-Mos's Legacy
                  | {spect, Alch, Bglg} (You took it off a wight on level 6 of
                  | the Dungeon)
 21792 | Orc:1    | Identified the cursed +8 trident of Toth-Mos's Legacy
                  | {spect, Alch, Bglg} (You took it off a wight on level 6 of
                  | the Dungeon)
 22080 | Orc:2    | Found a staircase to the Elven Halls.
 22132 | Orc:2    | Identified the cursed +8 trident of Toth-Mos's Legacy
                  | {spect, Alch, Bglg} (You took it off a wight on level 6 of
                  | the Dungeon)
 22135 | Orc:2    | Identified the cursed +8 trident of Toth-Mos's Legacy
                  | {spect, Alch, Bglg} (You took it off a wight on level 6 of
                  | the Dungeon)
 22138 | Orc:2    | Identified the cursed +8 trident of Toth-Mos's Legacy
                  | {spect, Alch, Bglg} (You took it off a wight on level 6 of
                  | the Dungeon)
 22150 | Orc:2    | Identified the cursed +8 trident of Toth-Mos's Legacy
                  | {spect, Alch, Bglg} (You took it off a wight on level 6 of
                  | the Dungeon)
 22170 | Orc:2    | Identified the cursed +8 trident of Toth-Mos's Legacy
                  | {spect, Alch, Bglg} (You took it off a wight on level 6 of
                  | the Dungeon)
 22178 | Orc:2    | Identified the cursed +8 trident of Toth-Mos's Legacy
                  | {spect, Alch, Bglg} (You took it off a wight on level 6 of
                  | the Dungeon)
 22200 | Orc:2    | Identified the cursed +8 trident of Toth-Mos's Legacy
                  | {spect, Alch, Bglg} (You took it off a wight on level 6 of
                  | the Dungeon)
 22202 | Orc:2    | Identified the cursed +8 trident of Toth-Mos's Legacy
                  | {spect, Alch, Bglg} (You took it off a wight on level 6 of
                  | the Dungeon)
 22212 | Orc:2    | Identified the cursed +8 trident of Toth-Mos's Legacy
                  | {spect, Alch, Bglg} (You took it off a wight on level 6 of
                  | the Dungeon)
 22216 | Orc:2    | Identified the cursed +8 trident of Toth-Mos's Legacy
                  | {spect, Alch, Bglg} (You took it off a wight on level 6 of
                  | the Dungeon)
 22247 | Orc:2    | Identified the cursed +8 trident of Toth-Mos's Legacy
                  | {spect, Alch, Bglg} (You took it off a wight on level 6 of
                  | the Dungeon)
 22252 | Orc:2    | Found Budozoed's Assorted Antiques.
 22253 | Orc:2    | Identified the cursed +8 trident of Toth-Mos's Legacy
                  | {spect, Alch, Bglg} (You took it off a wight on level 6 of
                  | the Dungeon)
 22258 | Orc:2    | Reached XP level 15. HP: 67/78 MP: 32/32
 22262 | Orc:2    | Bought a short wooden wand for 120 gold pieces
 22297 | Orc:2    | Identified the cursed +8 trident of Toth-Mos's Legacy
                  | {spect, Alch, Bglg} (You took it off a wight on level 6 of
                  | the Dungeon)
 22299 | Orc:2    | Identified the cursed +8 trident of Toth-Mos's Legacy
                  | {spect, Alch, Bglg} (You took it off a wight on level 6 of
                  | the Dungeon)
 22311 | Orc:2    | Identified the cursed +8 trident of Toth-Mos's Legacy
                  | {spect, Alch, Bglg} (You took it off a wight on level 6 of
                  | the Dungeon)
 22327 | Orc:2    | Identified the cursed +8 trident of Toth-Mos's Legacy
                  | {spect, Alch, Bglg} (You took it off a wight on level 6 of
                  | the Dungeon)
 22358 | Orc:2    | Identified the cursed +8 trident of Toth-Mos's Legacy
                  | {spect, Alch, Bglg} (You took it off a wight on level 6 of
                  | the Dungeon)
 22363 | Orc:2    | Found Naejee's Antique Armour Boutique.
 22365 | Orc:2    | Found Ifoik's Weapon Boutique.
 22390 | Orc:2    | Identified the cursed +8 trident of Toth-Mos's Legacy
                  | {spect, Alch, Bglg} (You took it off a wight on level 6 of
                  | the Dungeon)
 22395 | Orc:2    | Identified the cursed +8 trident of Toth-Mos's Legacy
                  | {spect, Alch, Bglg} (You took it off a wight on level 6 of
                  | the Dungeon)
 22400 | Orc:2    | Identified the cursed +8 trident of Toth-Mos's Legacy
                  | {spect, Alch, Bglg} (You took it off a wight on level 6 of
                  | the Dungeon)
 22403 | Orc:2    | Identified the cursed +8 trident of Toth-Mos's Legacy
                  | {spect, Alch, Bglg} (You took it off a wight on level 6 of
                  | the Dungeon)
 22407 | Orc:2    | Identified the cursed +8 trident of Toth-Mos's Legacy
                  | {spect, Alch, Bglg} (You took it off a wight on level 6 of
                  | the Dungeon)
 22420 | Orc:2    | Identified the cursed +8 trident of Toth-Mos's Legacy
                  | {spect, Alch, Bglg} (You took it off a wight on level 6 of
                  | the Dungeon)
 22435 | Orc:2    | Identified the cursed +8 trident of Toth-Mos's Legacy
                  | {spect, Alch, Bglg} (You took it off a wight on level 6 of
                  | the Dungeon)
 22442 | Orc:2    | Identified the cursed +8 trident of Toth-Mos's Legacy
                  | {spect, Alch, Bglg} (You took it off a wight on level 6 of
                  | the Dungeon)
 22445 | Orc:2    | Identified the cursed +8 trident of Toth-Mos's Legacy
                  | {spect, Alch, Bglg} (You took it off a wight on level 6 of
                  | the Dungeon)
 22448 | Orc:2    | Identified the cursed +8 trident of Toth-Mos's Legacy
                  | {spect, Alch, Bglg} (You took it off a wight on level 6 of
                  | the Dungeon)
 22532 | Orc:2    | Identified the cursed +8 trident of Toth-Mos's Legacy
                  | {spect, Alch, Bglg} (You took it off a wight on level 6 of
                  | the Dungeon)
 22605 | Orc:2    | Found Tapunin's Magic Scroll Shop.
 22613 | Orc:2    | Identified the cursed +8 trident of Toth-Mos's Legacy
                  | {spect, Alch, Bglg} (You took it off a wight on level 6 of
                  | the Dungeon)
 22618 | Orc:2    | Identified the cursed +8 trident of Toth-Mos's Legacy
                  | {spect, Alch, Bglg} (You took it off a wight on level 6 of
                  | the Dungeon)
 22622 | Orc:2    | Identified the cursed +8 trident of Toth-Mos's Legacy
                  | {spect, Alch, Bglg} (You took it off a wight on level 6 of
                  | the Dungeon)
 22624 | Orc:2    | Identified the cursed +8 trident of Toth-Mos's Legacy
                  | {spect, Alch, Bglg} (You took it off a wight on level 6 of
                  | the Dungeon)
 22631 | Orc:2    | Identified the cursed +8 trident of Toth-Mos's Legacy
                  | {spect, Alch, Bglg} (You took it off a wight on level 6 of
                  | the Dungeon)
 22647 | Orc:2    | Bought a scroll of blinking for 97 gold pieces
 22647 | Orc:2    | Bought a scroll of blinking for 97 gold pieces
 22647 | Orc:2    | Bought a scroll of teleportation for 39 gold pieces
 22647 | Orc:2    | Bought a scroll of butterflies for 52 gold pieces
 22647 | Orc:2    | Bought a scroll of enchant armour for 97 gold pieces
 22647 | Orc:2    | Bought a scroll of enchant weapon for 97 gold pieces
 22815 | Orc:2    | Identified the cursed +8 trident of Toth-Mos's Legacy
                  | {spect, Alch, Bglg} (You took it off a wight on level 6 of
                  | the Dungeon)
 22839 | Orc:2    | Identified the cursed +8 trident of Toth-Mos's Legacy
                  | {spect, Alch, Bglg} (You took it off a wight on level 6 of
                  | the Dungeon)
 22840 | Orc:2    | Identified the cursed +8 trident of Toth-Mos's Legacy
                  | {spect, Alch, Bglg} (You took it off a wight on level 6 of
                  | the Dungeon)
 22863 | Orc:2    | Identified the cursed +8 trident of Toth-Mos's Legacy
                  | {spect, Alch, Bglg} (You took it off a wight on level 6 of
                  | the Dungeon)
 22873 | Orc:2    | Identified the cursed +8 trident of Toth-Mos's Legacy
                  | {spect, Alch, Bglg} (You took it off a wight on level 6 of
                  | the Dungeon)
 22998 | Orc:2    | Identified the cursed +8 trident of Toth-Mos's Legacy
                  | {spect, Alch, Bglg} (You took it off a wight on level 6 of
                  | the Dungeon)
 23002 | Orc:2    | Identified the cursed +8 trident of Toth-Mos's Legacy
                  | {spect, Alch, Bglg} (You took it off a wight on level 6 of
                  | the Dungeon)
 23005 | Orc:2    | Identified the cursed +8 trident of Toth-Mos's Legacy
                  | {spect, Alch, Bglg} (You took it off a wight on level 6 of
                  | the Dungeon)
 23009 | Orc:2    | Identified the cursed +8 trident of Toth-Mos's Legacy
                  | {spect, Alch, Bglg} (You took it off a wight on level 6 of
                  | the Dungeon)
 23014 | Orc:2    | Identified the cursed +8 trident of Toth-Mos's Legacy
                  | {spect, Alch, Bglg} (You took it off a wight on level 6 of
                  | the Dungeon)
 23019 | Orc:2    | Identified the cursed +8 trident of Toth-Mos's Legacy
                  | {spect, Alch, Bglg} (You took it off a wight on level 6 of
                  | the Dungeon)
 23148 | Orc:1    | Identified the cursed +8 trident of Toth-Mos's Legacy
                  | {spect, Alch, Bglg} (You took it off a wight on level 6 of
                  | the Dungeon)
 23166 | Orc:1    | Found a runed translucent door.
 23166 | Orc:1    | Found a shimmering altar of Xom.
 23166 | Orc:1    | Noticed Gogrithru's ghost (journeyman MeRe)
 23167 | Orc:1    | Identified the cursed +8 trident of Toth-Mos's Legacy
                  | {spect, Alch, Bglg} (You took it off a wight on level 6 of
                  | the Dungeon)
 23376 | Orc:2    | Upgraded the game from 0.30-a0-793-g160f7cfddd to
                  | 0.30-a0-799-g109b55a442
 23509 | D:12     | Identified the cursed +8 trident of Toth-Mos's Legacy
                  | {spect, Alch, Bglg} (You took it off a wight on level 6 of
                  | the Dungeon)
 23512 | D:12     | Identified the cursed +8 trident of Toth-Mos's Legacy
                  | {spect, Alch, Bglg} (You took it off a wight on level 6 of
                  | the Dungeon)
 23519 | D:12     | Identified the cursed +8 trident of Toth-Mos's Legacy
                  | {spect, Alch, Bglg} (You took it off a wight on level 6 of
                  | the Dungeon)
 23546 | D:13     | Identified the cursed +8 trident of Toth-Mos's Legacy
                  | {spect, Alch, Bglg} (You took it off a wight on level 6 of
                  | the Dungeon)
 23549 | D:13     | Identified the cursed +8 trident of Toth-Mos's Legacy
                  | {spect, Alch, Bglg} (You took it off a wight on level 6 of
                  | the Dungeon)
 23565 | D:13     | Identified the cursed +8 trident of Toth-Mos's Legacy
                  | {spect, Alch, Bglg} (You took it off a wight on level 6 of
                  | the Dungeon)
 23568 | D:13     | Identified the cursed +8 trident of Toth-Mos's Legacy
                  | {spect, Alch, Bglg} (You took it off a wight on level 6 of
                  | the Dungeon)
 23570 | D:13     | Identified the cursed +8 trident of Toth-Mos's Legacy
                  | {spect, Alch, Bglg} (You took it off a wight on level 6 of
                  | the Dungeon)
 23574 | D:13     | Identified the cursed +8 trident of Toth-Mos's Legacy
                  | {spect, Alch, Bglg} (You took it off a wight on level 6 of
                  | the Dungeon)
 23668 | D:13     | Identified the cursed +8 trident of Toth-Mos's Legacy
                  | {spect, Alch, Bglg} (You took it off a wight on level 6 of
                  | the Dungeon)
 23683 | D:13     | Identified the cursed +8 trident of Toth-Mos's Legacy
                  | {spect, Alch, Bglg} (You took it off a wight on level 6 of
                  | the Dungeon)
 23796 | D:13     | Identified the cursed +8 trident of Toth-Mos's Legacy
                  | {spect, Alch, Bglg} (You took it off a wight on level 6 of
                  | the Dungeon)
 24063 | D:13     | Found a transporter.
 24068 | D:13     | Found a bloodstained altar of Trog.
 24078 | D:13     | Noticed Zakkuatt's ghost (journeyman HOFi)
 24088 | D:13     | Found a transporter.
 24110 | D:13     | Identified the cursed +8 trident of Toth-Mos's Legacy
                  | {spect, Alch, Bglg} (You took it off a wight on level 6 of
                  | the Dungeon)
 24114 | D:13     | Identified the cursed +8 trident of Toth-Mos's Legacy
                  | {spect, Alch, Bglg} (You took it off a wight on level 6 of
                  | the Dungeon)
 24117 | D:13     | Identified the cursed +8 trident of Toth-Mos's Legacy
                  | {spect, Alch, Bglg} (You took it off a wight on level 6 of
                  | the Dungeon)
 24137 | D:13     | Identified the +9 trident of Peace {heavy, Dex+3}
 24149 | D:13     | Identified the cursed +8 trident of Toth-Mos's Legacy
                  | {spect, Alch, Bglg} (You took it off a wight on level 6 of
                  | the Dungeon)
 24150 | D:13     | Identified the cursed +8 trident of Toth-Mos's Legacy
                  | {spect, Alch, Bglg} (You took it off a wight on level 6 of
                  | the Dungeon)
 24211 | D:13     | Identified the cursed +8 trident of Toth-Mos's Legacy
                  | {spect, Alch, Bglg} (You took it off a wight on level 6 of
                  | the Dungeon)
 24218 | D:13     | Identified the cursed +8 trident of Toth-Mos's Legacy
                  | {spect, Alch, Bglg} (You took it off a wight on level 6 of
                  | the Dungeon)
 24242 | D:13     | Identified the cursed +8 trident of Toth-Mos's Legacy
                  | {spect, Alch, Bglg} (You took it off a wight on level 6 of
                  | the Dungeon)
 24245 | D:13     | Identified the cursed +8 trident of Toth-Mos's Legacy
                  | {spect, Alch, Bglg} (You took it off a wight on level 6 of
                  | the Dungeon)
 24518 | D:13     | Identified the cursed +8 trident of Toth-Mos's Legacy
                  | {spect, Alch, Bglg} (You took it off a wight on level 6 of
                  | the Dungeon)
 24523 | D:13     | Identified the cursed +8 trident of Toth-Mos's Legacy
                  | {spect, Alch, Bglg} (You took it off a wight on level 6 of
                  | the Dungeon)
 24601 | D:14     | Identified the cursed +8 trident of Toth-Mos's Legacy
                  | {spect, Alch, Bglg} (You took it off a wight on level 6 of
                  | the Dungeon)
 24603 | D:14     | Identified the cursed +8 trident of Toth-Mos's Legacy
                  | {spect, Alch, Bglg} (You took it off a wight on level 6 of
                  | the Dungeon)
 24608 | D:14     | Identified the cursed +8 trident of Toth-Mos's Legacy
                  | {spect, Alch, Bglg} (You took it off a wight on level 6 of
                  | the Dungeon)
 24716 | D:14     | Noticed Jorgrun
 24716 | D:14     | Found Cyxt's Assorted Antiques.
 24719 | D:14     | Identified the cursed +8 trident of Toth-Mos's Legacy
                  | {spect, Alch, Bglg} (You took it off a wight on level 6 of
                  | the Dungeon)
 24725 | D:14     | Killed Jorgrun
 24726 | D:14     | Noticed Nessos
 24727 | D:14     | Identified the cursed +8 trident of Toth-Mos's Legacy
                  | {spect, Alch, Bglg} (You took it off a wight on level 6 of
                  | the Dungeon)
 24731 | D:13     | Identified the cursed +8 trident of Toth-Mos's Legacy
                  | {spect, Alch, Bglg} (You took it off a wight on level 6 of
                  | the Dungeon)
 24880 | D:14     | Identified the cursed +8 trident of Toth-Mos's Legacy
                  | {spect, Alch, Bglg} (You took it off a wight on level 6 of
                  | the Dungeon)
 24882 | D:14     | Killed Nessos
 24882 | D:14     | Identified the cursed +8 trident of Toth-Mos's Legacy
                  | {spect, Alch, Bglg} (You took it off a wight on level 6 of
                  | the Dungeon)
 24883 | D:14     | Reached skill level 5 in Transmutations
 24972 | D:14     | Identified the cursed +8 trident of Toth-Mos's Legacy
                  | {spect, Alch, Bglg} (You took it off a wight on level 6 of
                  | the Dungeon)
 25015 | D:14     | Identified the cursed +8 trident of Toth-Mos's Legacy
                  | {spect, Alch, Bglg} (You took it off a wight on level 6 of
                  | the Dungeon)
 25031 | D:14     | Identified the cursed +8 trident of Toth-Mos's Legacy
                  | {spect, Alch, Bglg} (You took it off a wight on level 6 of
                  | the Dungeon)
 25074 | D:14     | Identified the cursed +8 trident of Toth-Mos's Legacy
                  | {spect, Alch, Bglg} (You took it off a wight on level 6 of
                  | the Dungeon)
 25093 | D:14     | Identified the +5 spear "Seotav" {flame, Str+5}
 25114 | D:14     | Noticed Josephine
 25115 | D:14     | Identified the cursed +8 trident of Toth-Mos's Legacy
                  | {spect, Alch, Bglg} (You took it off a wight on level 6 of
                  | the Dungeon)
 25117 | D:14     | Identified the cursed +8 trident of Toth-Mos's Legacy
                  | {spect, Alch, Bglg} (You took it off a wight on level 6 of
                  | the Dungeon)
 25121 | D:14     | Identified the cursed +8 trident of Toth-Mos's Legacy
                  | {spect, Alch, Bglg} (You took it off a wight on level 6 of
                  | the Dungeon)
 25125 | D:14     | Killed Josephine
 25128 | D:14     | Identified the cursed +8 trident of Toth-Mos's Legacy
                  | {spect, Alch, Bglg} (You took it off a wight on level 6 of
                  | the Dungeon)
 25130 | D:14     | Identified the cursed +8 trident of Toth-Mos's Legacy
                  | {spect, Alch, Bglg} (You took it off a wight on level 6 of
                  | the Dungeon)
 25132 | D:14     | Identified the cursed +8 trident of Toth-Mos's Legacy
                  | {spect, Alch, Bglg} (You took it off a wight on level 6 of
                  | the Dungeon)
 25170 | D:14     | Identified the cursed +8 trident of Toth-Mos's Legacy
                  | {spect, Alch, Bglg} (You took it off a wight on level 6 of
                  | the Dungeon)
 25174 | D:14     | Identified the cursed +8 trident of Toth-Mos's Legacy
                  | {spect, Alch, Bglg} (You took it off a wight on level 6 of
                  | the Dungeon)
 25471 | D:14     | Learned a level 4 spell: Olgreb's Toxic Radiance
 25474 | D:14     | Identified the cursed +8 trident of Toth-Mos's Legacy
                  | {spect, Alch, Bglg} (You took it off a wight on level 6 of
                  | the Dungeon)
 25477 | D:14     | Identified the cursed +8 trident of Toth-Mos's Legacy
                  | {spect, Alch, Bglg} (You took it off a wight on level 6 of
                  | the Dungeon)
 25479 | D:14     | Identified the cursed +8 trident of Toth-Mos's Legacy
                  | {spect, Alch, Bglg} (You took it off a wight on level 6 of
                  | the Dungeon)
 25481 | D:14     | Reached skill level 1 in Air Magic
 25499 | D:14     | Identified the cursed +8 trident of Toth-Mos's Legacy
                  | {spect, Alch, Bglg} (You took it off a wight on level 6 of
                  | the Dungeon)
 25512 | D:14     | Identified the cursed +8 trident of Toth-Mos's Legacy
                  | {spect, Alch, Bglg} (You took it off a wight on level 6 of
                  | the Dungeon)
 25514 | D:14     | Identified the cursed +8 trident of Toth-Mos's Legacy
                  | {spect, Alch, Bglg} (You took it off a wight on level 6 of
                  | the Dungeon)
 25517 | D:14     | Identified the cursed +8 trident of Toth-Mos's Legacy
                  | {spect, Alch, Bglg} (You took it off a wight on level 6 of
                  | the Dungeon)
 25519 | D:14     | Identified the +5 great sword of Geutzuho {drain, rF++ rC+
                  | Dex+3}
 25524 | D:14     | Identified the cursed +8 trident of Toth-Mos's Legacy
                  | {spect, Alch, Bglg} (You took it off a wight on level 6 of
                  | the Dungeon)
 25527 | D:14     | Identified the cursed +8 trident of Toth-Mos's Legacy
                  | {spect, Alch, Bglg} (You took it off a wight on level 6 of
                  | the Dungeon)
 25547 | D:14     | Found a gate to the Vaults.
 25549 | D:14     | Identified the cursed +8 trident of Toth-Mos's Legacy
                  | {spect, Alch, Bglg} (You took it off a wight on level 6 of
                  | the Dungeon)
 25552 | D:14     | Identified the cursed +8 trident of Toth-Mos's Legacy
                  | {spect, Alch, Bglg} (You took it off a wight on level 6 of
                  | the Dungeon)
 25561 | D:14     | Identified the cursed +8 trident of Toth-Mos's Legacy
                  | {spect, Alch, Bglg} (You took it off a wight on level 6 of
                  | the Dungeon)
 25564 | D:14     | Identified the cursed +8 trident of Toth-Mos's Legacy
                  | {spect, Alch, Bglg} (You took it off a wight on level 6 of
                  | the Dungeon)
 25566 | D:14     | Identified the cursed +8 trident of Toth-Mos's Legacy
                  | {spect, Alch, Bglg} (You took it off a wight on level 6 of
                  | the Dungeon)
 25583 | D:14     | Identified the cursed +8 trident of Toth-Mos's Legacy
                  | {spect, Alch, Bglg} (You took it off a wight on level 6 of
                  | the Dungeon)
 25626 | D:14     | Identified the cursed +8 trident of Toth-Mos's Legacy
                  | {spect, Alch, Bglg} (You took it off a wight on level 6 of
                  | the Dungeon)
 25628 | D:14     | Identified the cursed +8 trident of Toth-Mos's Legacy
                  | {spect, Alch, Bglg} (You took it off a wight on level 6 of
                  | the Dungeon)
 25634 | D:14     | Identified the cursed +8 trident of Toth-Mos's Legacy
                  | {spect, Alch, Bglg} (You took it off a wight on level 6 of
                  | the Dungeon)
 25658 | D:14     | Identified the cursed +8 trident of Toth-Mos's Legacy
                  | {spect, Alch, Bglg} (You took it off a wight on level 6 of
                  | the Dungeon)
 25660 | D:14     | Identified the cursed +8 trident of Toth-Mos's Legacy
                  | {spect, Alch, Bglg} (You took it off a wight on level 6 of
                  | the Dungeon)
 25664 | D:14     | Identified the cursed +8 trident of Toth-Mos's Legacy
                  | {spect, Alch, Bglg} (You took it off a wight on level 6 of
                  | the Dungeon)
 25668 | D:14     | Identified the cursed +8 trident of Toth-Mos's Legacy
                  | {spect, Alch, Bglg} (You took it off a wight on level 6 of
                  | the Dungeon)
 25674 | D:14     | Identified the cursed +8 trident of Toth-Mos's Legacy
                  | {spect, Alch, Bglg} (You took it off a wight on level 6 of
                  | the Dungeon)
 25798 | D:14     | Identified the cursed +8 trident of Toth-Mos's Legacy
                  | {spect, Alch, Bglg} (You took it off a wight on level 6 of
                  | the Dungeon)
 25871 | D:14     | Identified the cursed +8 trident of Toth-Mos's Legacy
                  | {spect, Alch, Bglg} (You took it off a wight on level 6 of
                  | the Dungeon)
 25940 | D:14     | Lost mutation: Your body sometimes deteriorates upon taking
                  | damage. [potion of mutation]
 25940 | D:14     | Lost mutation: You have a pair of small horns on your head.
                  | [potion of mutation]
 25940 | D:14     | Gained mutation: You occasionally lose the ability to drink
                  | potions when taking damage. [potion of mutation]
 25940 | D:14     | Gained mutation: You are covered in fur. (AC +1) [potion of
                  | mutation]
 25950 | D:15     | Entered Level 15 of the Dungeon
 25968 | D:15     | Identified the cursed +8 trident of Toth-Mos's Legacy
                  | {spect, Alch, Bglg} (You took it off a wight on level 6 of
                  | the Dungeon)
 25970 | D:15     | Identified the cursed +8 trident of Toth-Mos's Legacy
                  | {spect, Alch, Bglg} (You took it off a wight on level 6 of
                  | the Dungeon)
 25985 | D:15     | Reached ****** piety under Ashenzari
 25991 | D:15     | Identified the cursed +8 trident of Toth-Mos's Legacy
                  | {spect, Alch, Bglg} (You took it off a wight on level 6 of
                  | the Dungeon)
 25993 | D:15     | Identified the cursed +8 trident of Toth-Mos's Legacy
                  | {spect, Alch, Bglg} (You took it off a wight on level 6 of
                  | the Dungeon)
 25996 | D:15     | Identified the cursed +8 trident of Toth-Mos's Legacy
                  | {spect, Alch, Bglg} (You took it off a wight on level 6 of
                  | the Dungeon)
 26015 | D:15     | Identified the cursed +8 trident of Toth-Mos's Legacy
                  | {spect, Alch, Bglg} (You took it off a wight on level 6 of
                  | the Dungeon)
 26018 | D:15     | Found a white marble altar of Elyvilon.
 26019 | D:15     | Identified the cursed +8 trident of Toth-Mos's Legacy
                  | {spect, Alch, Bglg} (You took it off a wight on level 6 of
                  | the Dungeon)
 26148 | D:15     | Identified the cursed +8 trident of Toth-Mos's Legacy
                  | {spect, Alch, Bglg} (You took it off a wight on level 6 of
                  | the Dungeon)
 26150 | D:15     | Identified the cursed +8 trident of Toth-Mos's Legacy
                  | {spect, Alch, Bglg} (You took it off a wight on level 6 of
                  | the Dungeon)
 26165 | D:15     | Identified the cursed +8 trident of Toth-Mos's Legacy
                  | {spect, Alch, Bglg} (You took it off a wight on level 6 of
                  | the Dungeon)
 26166 | D:15     | Identified the cursed +8 trident of Toth-Mos's Legacy
                  | {spect, Alch, Bglg} (You took it off a wight on level 6 of
                  | the Dungeon)
 26237 | D:15     | Identified the +1 leather armour "Meru" {Str-2 Dex+4}
 26251 | D:15     | Identified the cursed +8 trident of Toth-Mos's Legacy
                  | {spect, Alch, Bglg} (You took it off a wight on level 6 of
                  | the Dungeon)
 26266 | D:15     | Identified the +3 trident of the Mouth {venom, rElec}
 26270 | D:15     | Identified the cursed +8 trident of Toth-Mos's Legacy
                  | {spect, Alch, Bglg} (You took it off a wight on level 6 of
                  | the Dungeon)
 26379 | D:15     | Identified the cursed +8 trident of Toth-Mos's Legacy
                  | {spect, Alch, Bglg} (You took it off a wight on level 6 of
                  | the Dungeon)
 26422 | D:15     | Identified the cursed +8 trident of Toth-Mos's Legacy
                  | {spect, Alch, Bglg} (You took it off a wight on level 6 of
                  | the Dungeon)
 26432 | D:15     | Identified the cursed +8 trident of Toth-Mos's Legacy
                  | {spect, Alch, Bglg} (You took it off a wight on level 6 of
                  | the Dungeon)
 26474 | D:15     | Identified the cursed +8 trident of Toth-Mos's Legacy
                  | {spect, Alch, Bglg} (You took it off a wight on level 6 of
                  | the Dungeon)
 26482 | D:15     | Identified the cursed +8 trident of Toth-Mos's Legacy
                  | {spect, Alch, Bglg} (You took it off a wight on level 6 of
                  | the Dungeon)
 26643 | D:15     | Identified the cursed +8 trident of Toth-Mos's Legacy
                  | {spect, Alch, Bglg} (You took it off a wight on level 6 of
                  | the Dungeon)
 26655 | D:15     | Identified the cursed +8 trident of Toth-Mos's Legacy
                  | {spect, Alch, Bglg} (You took it off a wight on level 6 of
                  | the Dungeon)
 26793 | D:15     | Found a staircase to the Depths.
 27029 | D:15     | Identified the cursed +8 trident of Toth-Mos's Legacy
                  | {spect, Alch, Bglg} (You took it off a wight on level 6 of
                  | the Dungeon)
 27070 | D:14     | Identified the cursed +8 trident of Toth-Mos's Legacy
                  | {spect, Alch, Bglg} (You took it off a wight on level 6 of
                  | the Dungeon)
 27074 | D:14     | Identified the cursed +8 trident of Toth-Mos's Legacy
                  | {spect, Alch, Bglg} (You took it off a wight on level 6 of
                  | the Dungeon)
 27258 | D:14     | Noticed a fire giant
 27614 | D:11     | Noticed Erica
 27615 | D:11     | Identified the cursed +8 trident of Toth-Mos's Legacy
                  | {spect, Alch, Bglg} (You took it off a wight on level 6 of
                  | the Dungeon)
 27617 | D:11     | Killed Erica
 27618 | D:11     | Reached XP level 16. HP: 90/90 MP: 34/34
 27992 | Lair:3   | Identified the cursed +8 trident of Toth-Mos's Legacy
                  | {spect, Alch, Bglg} (You took it off a wight on level 6 of
                  | the Dungeon)
 28013 | Snake:1  | Entered Level 1 of the Snake Pit
 28041 | Snake:1  | Found Sijivapt's Jewellery Boutique.
 28042 | Snake:1  | Found Foaz's Book Shoppe.
 28042 | Snake:1  | Found Xyist's Book Shoppe.
 28059 | Snake:1  | Bought a book of the Tundra for 608 gold pieces
 28086 | Snake:1  | Identified the cursed +8 trident of Toth-Mos's Legacy
                  | {spect, Alch, Bglg} (You took it off a wight on level 6 of
                  | the Dungeon)
 28130 | Snake:1  | Identified the cursed +8 trident of Toth-Mos's Legacy
                  | {spect, Alch, Bglg} (You took it off a wight on level 6 of
                  | the Dungeon)
 28138 | Snake:1  | Identified the cursed +8 trident of Toth-Mos's Legacy
                  | {spect, Alch, Bglg} (You took it off a wight on level 6 of
                  | the Dungeon)
 28144 | Snake:1  | Found Xumapas's Gadget Gallery.
 28207 | Snake:1  | Identified the cursed +8 trident of Toth-Mos's Legacy
                  | {spect, Alch, Bglg} (You took it off a wight on level 6 of
                  | the Dungeon)
 28217 | Snake:1  | Identified the cursed +8 trident of Toth-Mos's Legacy
                  | {spect, Alch, Bglg} (You took it off a wight on level 6 of
                  | the Dungeon)
 28222 | Snake:1  | Identified the cursed +8 trident of Toth-Mos's Legacy
                  | {spect, Alch, Bglg} (You took it off a wight on level 6 of
                  | the Dungeon)
 28226 | Snake:1  | Identified the cursed +8 trident of Toth-Mos's Legacy
                  | {spect, Alch, Bglg} (You took it off a wight on level 6 of
                  | the Dungeon)
 28274 | Snake:1  | Identified the cursed +8 trident of Toth-Mos's Legacy
                  | {spect, Alch, Bglg} (You took it off a wight on level 6 of
                  | the Dungeon)
 28284 | Snake:1  | Identified the cursed +8 trident of Toth-Mos's Legacy
                  | {spect, Alch, Bglg} (You took it off a wight on level 6 of
                  | the Dungeon)
 28319 | Snake:1  | Identified the cursed +8 trident of Toth-Mos's Legacy
                  | {spect, Alch, Bglg} (You took it off a wight on level 6 of
                  | the Dungeon)
 28333 | Snake:1  | Identified the cursed +8 trident of Toth-Mos's Legacy
                  | {spect, Alch, Bglg} (You took it off a wight on level 6 of
                  | the Dungeon)
 28334 | Snake:1  | Reached skill level 11 in Dodging
 28363 | Snake:1  | Identified the cursed +8 trident of Toth-Mos's Legacy
                  | {spect, Alch, Bglg} (You took it off a wight on level 6 of
                  | the Dungeon)
 28438 | Snake:1  | Identified the cursed +8 trident of Toth-Mos's Legacy
                  | {spect, Alch, Bglg} (You took it off a wight on level 6 of
                  | the Dungeon)
 28461 | Snake:1  | Identified the cursed +8 trident of Toth-Mos's Legacy
                  | {spect, Alch, Bglg} (You took it off a wight on level 6 of
                  | the Dungeon)
 28473 | Snake:1  | Identified the cursed +8 trident of Toth-Mos's Legacy
                  | {spect, Alch, Bglg} (You took it off a wight on level 6 of
                  | the Dungeon)
 28508 | Snake:1  | Identified the cursed +8 trident of Toth-Mos's Legacy
                  | {spect, Alch, Bglg} (You took it off a wight on level 6 of
                  | the Dungeon)
 28511 | Snake:1  | Identified the cursed +8 trident of Toth-Mos's Legacy
                  | {spect, Alch, Bglg} (You took it off a wight on level 6 of
                  | the Dungeon)
 28533 | Snake:1  | Identified the cursed +8 trident of Toth-Mos's Legacy
                  | {spect, Alch, Bglg} (You took it off a wight on level 6 of
                  | the Dungeon)
 28535 | Snake:1  | Identified the cursed +8 trident of Toth-Mos's Legacy
                  | {spect, Alch, Bglg} (You took it off a wight on level 6 of
                  | the Dungeon)
 28557 | Snake:1  | Identified the cursed +8 trident of Toth-Mos's Legacy
                  | {spect, Alch, Bglg} (You took it off a wight on level 6 of
                  | the Dungeon)
 28559 | Snake:1  | Identified the cursed +8 trident of Toth-Mos's Legacy
                  | {spect, Alch, Bglg} (You took it off a wight on level 6 of
                  | the Dungeon)
 28562 | Snake:1  | Identified the cursed +8 trident of Toth-Mos's Legacy
                  | {spect, Alch, Bglg} (You took it off a wight on level 6 of
                  | the Dungeon)
 28592 | Snake:1  | Identified the cursed +8 trident of Toth-Mos's Legacy
                  | {spect, Alch, Bglg} (You took it off a wight on level 6 of
                  | the Dungeon)
 28709 | Snake:1  | Identified the cursed +8 trident of Toth-Mos's Legacy
                  | {spect, Alch, Bglg} (You took it off a wight on level 6 of
                  | the Dungeon)
 28768 | Snake:1  | Identified the cursed +8 trident of Toth-Mos's Legacy
                  | {spect, Alch, Bglg} (You took it off a wight on level 6 of
                  | the Dungeon)
 28773 | Snake:1  | Identified the cursed +8 trident of Toth-Mos's Legacy
                  | {spect, Alch, Bglg} (You took it off a wight on level 6 of
                  | the Dungeon)
 28775 | Snake:1  | Reached skill level 12 in Dodging
 28797 | Snake:1  | Identified the cursed +8 trident of Toth-Mos's Legacy
                  | {spect, Alch, Bglg} (You took it off a wight on level 6 of
                  | the Dungeon)
 28946 | Snake:1  | Identified the cursed +8 trident of Toth-Mos's Legacy
                  | {spect, Alch, Bglg} (You took it off a wight on level 6 of
                  | the Dungeon)
 28951 | Snake:1  | Identified the cursed +8 trident of Toth-Mos's Legacy
                  | {spect, Alch, Bglg} (You took it off a wight on level 6 of
                  | the Dungeon)
 28954 | Snake:1  | Identified the cursed +8 trident of Toth-Mos's Legacy
                  | {spect, Alch, Bglg} (You took it off a wight on level 6 of
                  | the Dungeon)
 29163 | Snake:2  | Identified the cursed +8 trident of Toth-Mos's Legacy
                  | {spect, Alch, Bglg} (You took it off a wight on level 6 of
                  | the Dungeon)
 29167 | Snake:2  | Identified the cursed +8 trident of Toth-Mos's Legacy
                  | {spect, Alch, Bglg} (You took it off a wight on level 6 of
                  | the Dungeon)
 29170 | Snake:2  | Identified the cursed +8 trident of Toth-Mos's Legacy
                  | {spect, Alch, Bglg} (You took it off a wight on level 6 of
                  | the Dungeon)
 29172 | Snake:2  | Identified the cursed +8 trident of Toth-Mos's Legacy
                  | {spect, Alch, Bglg} (You took it off a wight on level 6 of
                  | the Dungeon)
 29175 | Snake:2  | Identified the cursed +8 trident of Toth-Mos's Legacy
                  | {spect, Alch, Bglg} (You took it off a wight on level 6 of
                  | the Dungeon)
 29185 | Snake:2  | Identified the cursed +8 trident of Toth-Mos's Legacy
                  | {spect, Alch, Bglg} (You took it off a wight on level 6 of
                  | the Dungeon)
 29187 | Snake:2  | Identified the cursed +8 trident of Toth-Mos's Legacy
                  | {spect, Alch, Bglg} (You took it off a wight on level 6 of
                  | the Dungeon)
 29188 | Snake:2  | Identified the cursed +8 trident of Toth-Mos's Legacy
                  | {spect, Alch, Bglg} (You took it off a wight on level 6 of
                  | the Dungeon)
 29190 | Snake:2  | Identified the cursed +8 trident of Toth-Mos's Legacy
                  | {spect, Alch, Bglg} (You took it off a wight on level 6 of
                  | the Dungeon)
 29199 | Snake:2  | Identified the cursed +8 trident of Toth-Mos's Legacy
                  | {spect, Alch, Bglg} (You took it off a wight on level 6 of
                  | the Dungeon)
 29201 | Snake:2  | Identified the cursed +8 trident of Toth-Mos's Legacy
                  | {spect, Alch, Bglg} (You took it off a wight on level 6 of
                  | the Dungeon)
 29203 | Snake:2  | Identified the cursed +8 trident of Toth-Mos's Legacy
                  | {spect, Alch, Bglg} (You took it off a wight on level 6 of
                  | the Dungeon)
 29205 | Snake:2  | Identified the cursed +8 trident of Toth-Mos's Legacy
                  | {spect, Alch, Bglg} (You took it off a wight on level 6 of
                  | the Dungeon)
 29209 | Snake:2  | Identified the cursed +8 trident of Toth-Mos's Legacy
                  | {spect, Alch, Bglg} (You took it off a wight on level 6 of
                  | the Dungeon)
 29242 | Snake:2  | Identified the cursed +8 trident of Toth-Mos's Legacy
                  | {spect, Alch, Bglg} (You took it off a wight on level 6 of
                  | the Dungeon)
 29258 | Snake:2  | Identified the cursed +8 trident of Toth-Mos's Legacy
                  | {spect, Alch, Bglg} (You took it off a wight on level 6 of
                  | the Dungeon)
 29273 | Snake:2  | Identified the cursed +8 trident of Toth-Mos's Legacy
                  | {spect, Alch, Bglg} (You took it off a wight on level 6 of
                  | the Dungeon)
 29276 | Snake:2  | Identified the cursed +8 trident of Toth-Mos's Legacy
                  | {spect, Alch, Bglg} (You took it off a wight on level 6 of
                  | the Dungeon)
 29279 | Snake:2  | Identified the cursed +8 trident of Toth-Mos's Legacy
                  | {spect, Alch, Bglg} (You took it off a wight on level 6 of
                  | the Dungeon)
 29381 | Snake:2  | Identified the cursed +8 trident of Toth-Mos's Legacy
                  | {spect, Alch, Bglg} (You took it off a wight on level 6 of
                  | the Dungeon)
 29383 | Snake:2  | Reached skill level 13 in Dodging
 29387 | Snake:2  | Identified the cursed +8 trident of Toth-Mos's Legacy
                  | {spect, Alch, Bglg} (You took it off a wight on level 6 of
                  | the Dungeon)
 29392 | Snake:2  | Identified the cursed +8 trident of Toth-Mos's Legacy
                  | {spect, Alch, Bglg} (You took it off a wight on level 6 of
                  | the Dungeon)
 29611 | Snake:2  | Identified the cursed +8 trident of Toth-Mos's Legacy
                  | {spect, Alch, Bglg} (You took it off a wight on level 6 of
                  | the Dungeon)
 29635 | Snake:2  | Found Liotoofaa's Distillery.
 29635 | Snake:2  | Found Xil Qacw's Assorted Antiques.
 29649 | Snake:2  | Bought a potion of heal wounds for 105 gold pieces
 29649 | Snake:2  | Bought a potion of heal wounds for 105 gold pieces
 29680 | Snake:2  | Noticed Aizul
 29687 | Snake:2  | Identified the cursed +8 trident of Toth-Mos's Legacy
                  | {spect, Alch, Bglg} (You took it off a wight on level 6 of
                  | the Dungeon)
 29796 | Snake:2  | Identified the cursed +8 trident of Toth-Mos's Legacy
                  | {spect, Alch, Bglg} (You took it off a wight on level 6 of
                  | the Dungeon)
 29877 | Snake:2  | Found Qayptox's Weapon Boutique.
 29891 | Snake:2  | Identified the cursed +8 trident of Toth-Mos's Legacy
                  | {spect, Alch, Bglg} (You took it off a wight on level 6 of
                  | the Dungeon)
 29915 | Snake:2  | Identified the cursed +8 trident of Toth-Mos's Legacy
                  | {spect, Alch, Bglg} (You took it off a wight on level 6 of
                  | the Dungeon)
 29948 | Snake:2  | Identified the cursed +8 trident of Toth-Mos's Legacy
                  | {spect, Alch, Bglg} (You took it off a wight on level 6 of
                  | the Dungeon)
 29952 | Snake:2  | Identified the cursed +8 trident of Toth-Mos's Legacy
                  | {spect, Alch, Bglg} (You took it off a wight on level 6 of
                  | the Dungeon)
 29956 | Snake:2  | Reached skill level 14 in Dodging
 30038 | Snake:2  | Identified the cursed +8 trident of Toth-Mos's Legacy
                  | {spect, Alch, Bglg} (You took it off a wight on level 6 of
                  | the Dungeon)
 30044 | Snake:2  | Identified the cursed +8 trident of Toth-Mos's Legacy
                  | {spect, Alch, Bglg} (You took it off a wight on level 6 of
                  | the Dungeon)
 30046 | Snake:2  | Identified the cursed +8 trident of Toth-Mos's Legacy
                  | {spect, Alch, Bglg} (You took it off a wight on level 6 of
                  | the Dungeon)
 30059 | Snake:2  | Identified the cursed +8 trident of Toth-Mos's Legacy
                  | {spect, Alch, Bglg} (You took it off a wight on level 6 of
                  | the Dungeon)
 30061 | Snake:2  | Identified the cursed +8 trident of Toth-Mos's Legacy
                  | {spect, Alch, Bglg} (You took it off a wight on level 6 of
                  | the Dungeon)
 30080 | Snake:2  | Identified the cursed +8 trident of Toth-Mos's Legacy
                  | {spect, Alch, Bglg} (You took it off a wight on level 6 of
                  | the Dungeon)
 30096 | Snake:2  | Identified the cursed +8 trident of Toth-Mos's Legacy
                  | {spect, Alch, Bglg} (You took it off a wight on level 6 of
                  | the Dungeon)
 30110 | Snake:2  | Identified the cursed +8 trident of Toth-Mos's Legacy
                  | {spect, Alch, Bglg} (You took it off a wight on level 6 of
                  | the Dungeon)
 30139 | Snake:2  | Identified the cursed +8 trident of Toth-Mos's Legacy
                  | {spect, Alch, Bglg} (You took it off a wight on level 6 of
                  | the Dungeon)
 30623 | Snake:2  | Identified the cursed +8 trident of Toth-Mos's Legacy
                  | {spect, Alch, Bglg} (You took it off a wight on level 6 of
                  | the Dungeon)
 30626 | Snake:2  | Identified the cursed +8 trident of Toth-Mos's Legacy
                  | {spect, Alch, Bglg} (You took it off a wight on level 6 of
                  | the Dungeon)
 30628 | Snake:2  | Identified the cursed +8 trident of Toth-Mos's Legacy
                  | {spect, Alch, Bglg} (You took it off a wight on level 6 of
                  | the Dungeon)
 30666 | Snake:3  | Identified the cursed +8 trident of Toth-Mos's Legacy
                  | {spect, Alch, Bglg} (You took it off a wight on level 6 of
                  | the Dungeon)
 30683 | Snake:3  | Identified the cursed +8 trident of Toth-Mos's Legacy
                  | {spect, Alch, Bglg} (You took it off a wight on level 6 of
                  | the Dungeon)
 30686 | Snake:3  | Identified the cursed +8 trident of Toth-Mos's Legacy
                  | {spect, Alch, Bglg} (You took it off a wight on level 6 of
                  | the Dungeon)
 30696 | Snake:3  | Identified the cursed +8 trident of Toth-Mos's Legacy
                  | {spect, Alch, Bglg} (You took it off a wight on level 6 of
                  | the Dungeon)
 30699 | Snake:3  | Identified the cursed +8 trident of Toth-Mos's Legacy
                  | {spect, Alch, Bglg} (You took it off a wight on level 6 of
                  | the Dungeon)
 30703 | Snake:3  | Reached skill level 15 in Dodging
 30703 | Snake:3  | Identified the cursed +8 trident of Toth-Mos's Legacy
                  | {spect, Alch, Bglg} (You took it off a wight on level 6 of
                  | the Dungeon)
 30818 | Snake:3  | Identified the cursed +8 trident of Toth-Mos's Legacy
                  | {spect, Alch, Bglg} (You took it off a wight on level 6 of
                  | the Dungeon)
 30831 | Snake:3  | Identified the cursed +8 trident of Toth-Mos's Legacy
                  | {spect, Alch, Bglg} (You took it off a wight on level 6 of
                  | the Dungeon)
 30846 | Snake:3  | Identified the cursed +8 trident of Toth-Mos's Legacy
                  | {spect, Alch, Bglg} (You took it off a wight on level 6 of
                  | the Dungeon)
 30851 | Snake:3  | Identified the cursed +8 trident of Toth-Mos's Legacy
                  | {spect, Alch, Bglg} (You took it off a wight on level 6 of
                  | the Dungeon)
 30854 | Snake:3  | Identified the cursed +8 trident of Toth-Mos's Legacy
                  | {spect, Alch, Bglg} (You took it off a wight on level 6 of
                  | the Dungeon)
 30861 | Snake:3  | Identified the cursed +8 trident of Toth-Mos's Legacy
                  | {spect, Alch, Bglg} (You took it off a wight on level 6 of
                  | the Dungeon)
 30983 | Snake:3  | Identified the cursed +8 trident of Toth-Mos's Legacy
                  | {spect, Alch, Bglg} (You took it off a wight on level 6 of
                  | the Dungeon)
 30992 | Snake:3  | Identified the cursed +8 trident of Toth-Mos's Legacy
                  | {spect, Alch, Bglg} (You took it off a wight on level 6 of
                  | the Dungeon)
 31017 | Snake:3  | Identified the cursed +8 trident of Toth-Mos's Legacy
                  | {spect, Alch, Bglg} (You took it off a wight on level 6 of
                  | the Dungeon)
 31035 | Snake:3  | Identified the cursed +8 trident of Toth-Mos's Legacy
                  | {spect, Alch, Bglg} (You took it off a wight on level 6 of
                  | the Dungeon)
 31058 | Snake:3  | Identified the cursed +8 trident of Toth-Mos's Legacy
                  | {spect, Alch, Bglg} (You took it off a wight on level 6 of
                  | the Dungeon)
 31072 | Snake:3  | Identified the cursed +8 trident of Toth-Mos's Legacy
                  | {spect, Alch, Bglg} (You took it off a wight on level 6 of
                  | the Dungeon)
 31078 | Snake:3  | Identified the cursed +8 trident of Toth-Mos's Legacy
                  | {spect, Alch, Bglg} (You took it off a wight on level 6 of
                  | the Dungeon)
 31155 | Snake:3  | Identified the cursed +8 trident of Toth-Mos's Legacy
                  | {spect, Alch, Bglg} (You took it off a wight on level 6 of
                  | the Dungeon)
 31159 | Snake:3  | Reached skill level 16 in Dodging
 31166 | Snake:3  | Identified the cursed +8 trident of Toth-Mos's Legacy
                  | {spect, Alch, Bglg} (You took it off a wight on level 6 of
                  | the Dungeon)
 31262 | Snake:3  | Identified the cursed +8 trident of Toth-Mos's Legacy
                  | {spect, Alch, Bglg} (You took it off a wight on level 6 of
                  | the Dungeon)
 31321 | Snake:3  | Identified the cursed +8 trident of Toth-Mos's Legacy
                  | {spect, Alch, Bglg} (You took it off a wight on level 6 of
                  | the Dungeon)
 31324 | Snake:3  | Identified the cursed +8 trident of Toth-Mos's Legacy
                  | {spect, Alch, Bglg} (You took it off a wight on level 6 of
                  | the Dungeon)
 31334 | Snake:3  | Identified the cursed +8 trident of Toth-Mos's Legacy
                  | {spect, Alch, Bglg} (You took it off a wight on level 6 of
                  | the Dungeon)
 31345 | Snake:4  | Entered Level 4 of the Snake Pit
 31453 | Snake:4  | Identified the cursed +8 trident of Toth-Mos's Legacy
                  | {spect, Alch, Bglg} (You took it off a wight on level 6 of
                  | the Dungeon)
 31456 | Snake:4  | Identified the cursed +8 trident of Toth-Mos's Legacy
                  | {spect, Alch, Bglg} (You took it off a wight on level 6 of
                  | the Dungeon)
 31476 | Snake:4  | Identified the cursed +8 trident of Toth-Mos's Legacy
                  | {spect, Alch, Bglg} (You took it off a wight on level 6 of
                  | the Dungeon)
 31478 | Snake:4  | Identified the cursed +8 trident of Toth-Mos's Legacy
                  | {spect, Alch, Bglg} (You took it off a wight on level 6 of
                  | the Dungeon)
 31569 | Snake:4  | Identified the cursed +8 trident of Toth-Mos's Legacy
                  | {spect, Alch, Bglg} (You took it off a wight on level 6 of
                  | the Dungeon)
 31575 | Snake:4  | Identified the cursed +8 trident of Toth-Mos's Legacy
                  | {spect, Alch, Bglg} (You took it off a wight on level 6 of
                  | the Dungeon)
 31579 | Snake:4  | Identified the cursed +8 trident of Toth-Mos's Legacy
                  | {spect, Alch, Bglg} (You took it off a wight on level 6 of
                  | the Dungeon)
 31592 | Snake:4  | Identified the cursed +8 trident of Toth-Mos's Legacy
                  | {spect, Alch, Bglg} (You took it off a wight on level 6 of
                  | the Dungeon)
 31603 | Snake:4  | Identified the cursed +8 trident of Toth-Mos's Legacy
                  | {spect, Alch, Bglg} (You took it off a wight on level 6 of
                  | the Dungeon)
 31633 | Snake:3  | Identified the cursed +8 trident of Toth-Mos's Legacy
                  | {spect, Alch, Bglg} (You took it off a wight on level 6 of
                  | the Dungeon)
 31637 | Snake:3  | Identified the cursed +8 trident of Toth-Mos's Legacy
                  | {spect, Alch, Bglg} (You took it off a wight on level 6 of
                  | the Dungeon)
 31642 | Snake:3  | Identified the cursed +8 trident of Toth-Mos's Legacy
                  | {spect, Alch, Bglg} (You took it off a wight on level 6 of
                  | the Dungeon)
 31762 | Snake:3  | Identified the cursed +8 trident of Toth-Mos's Legacy
                  | {spect, Alch, Bglg} (You took it off a wight on level 6 of
                  | the Dungeon)
 31918 | Shoals:1 | Entered Level 1 of the Shoals
 31923 | Shoals:1 | Identified the cursed +8 trident of Toth-Mos's Legacy
                  | {spect, Alch, Bglg} (You took it off a wight on level 6 of
                  | the Dungeon)
 31947 | Shoals:1 | Identified the cursed +8 trident of Toth-Mos's Legacy
                  | {spect, Alch, Bglg} (You took it off a wight on level 6 of
                  | the Dungeon)
 31949 | Shoals:1 | Identified the cursed +8 trident of Toth-Mos's Legacy
                  | {spect, Alch, Bglg} (You took it off a wight on level 6 of
                  | the Dungeon)
 31958 | Shoals:1 | Identified the cursed +8 trident of Toth-Mos's Legacy
                  | {spect, Alch, Bglg} (You took it off a wight on level 6 of
                  | the Dungeon)
 31976 | Shoals:1 | Identified the cursed +8 trident of Toth-Mos's Legacy
                  | {spect, Alch, Bglg} (You took it off a wight on level 6 of
                  | the Dungeon)
 31997 | Shoals:1 | Identified the cursed +8 trident of Toth-Mos's Legacy
                  | {spect, Alch, Bglg} (You took it off a wight on level 6 of
                  | the Dungeon)
 32014 | Shoals:1 | Identified the cursed +8 trident of Toth-Mos's Legacy
                  | {spect, Alch, Bglg} (You took it off a wight on level 6 of
                  | the Dungeon)
 32050 | Lair:2   | Identified the cursed +8 trident of Toth-Mos's Legacy
                  | {spect, Alch, Bglg} (You took it off a wight on level 6 of
                  | the Dungeon)
 32056 | Lair:2   | Reached skill level 10 in Spellcasting
 32244 | Lair:2   | Identified the cursed +8 trident of Toth-Mos's Legacy
                  | {spect, Alch, Bglg} (You took it off a wight on level 6 of
                  | the Dungeon)
 32248 | Lair:2   | Identified the cursed +8 trident of Toth-Mos's Legacy
                  | {spect, Alch, Bglg} (You took it off a wight on level 6 of
                  | the Dungeon)
 32253 | Lair:2   | Identified the cursed +8 trident of Toth-Mos's Legacy
                  | {spect, Alch, Bglg} (You took it off a wight on level 6 of
                  | the Dungeon)
 32255 | Lair:2   | Identified the cursed +8 trident of Toth-Mos's Legacy
                  | {spect, Alch, Bglg} (You took it off a wight on level 6 of
                  | the Dungeon)
 32257 | Lair:2   | Identified the cursed +8 trident of Toth-Mos's Legacy
                  | {spect, Alch, Bglg} (You took it off a wight on level 6 of
                  | the Dungeon)
 32265 | Lair:2   | Learned a level 5 spell: Alistair's Intoxication
 32265 | Lair:2   | Upgraded the game from 0.30-a0-799-g109b55a442 to
                  | 0.30-a0-800-g7c544603b3
 32275 | Lair:2   | Identified the cursed +8 trident of Toth-Mos's Legacy
                  | {spect, Alch, Bglg} (You took it off a wight on level 6 of
                  | the Dungeon)
 32281 | Lair:2   | Identified the cursed +8 trident of Toth-Mos's Legacy
                  | {spect, Alch, Bglg} (You took it off a wight on level 6 of
                  | the Dungeon)
 32285 | Lair:2   | Identified the cursed +8 trident of Toth-Mos's Legacy
                  | {spect, Alch, Bglg} (You took it off a wight on level 6 of
                  | the Dungeon)
 32293 | Lair:2   | Learned a level 1 spell: Apportation
 32395 | Lair:2   | Identified the cursed +8 trident of Toth-Mos's Legacy
                  | {spect, Alch, Bglg} (You took it off a wight on level 6 of
                  | the Dungeon)
 32468 | Lair:2   | Identified the cursed +8 trident of Toth-Mos's Legacy
                  | {spect, Alch, Bglg} (You took it off a wight on level 6 of
                  | the Dungeon)
 32475 | Lair:2   | Identified the cursed +8 trident of Toth-Mos's Legacy
                  | {spect, Alch, Bglg} (You took it off a wight on level 6 of
                  | the Dungeon)
 32477 | Lair:2   | Identified the cursed +8 trident of Toth-Mos's Legacy
                  | {spect, Alch, Bglg} (You took it off a wight on level 6 of
                  | the Dungeon)
 32479 | Lair:2   | Identified the cursed +8 trident of Toth-Mos's Legacy
                  | {spect, Alch, Bglg} (You took it off a wight on level 6 of
                  | the Dungeon)
 32507 | Lair:2   | Reached skill level 10 in Polearms
 32507 | Lair:2   | Reached skill level 1 in Translocations
 32507 | Lair:2   | Reached XP level 17. HP: 32/95 MP: 37/37
 32690 | Lair:2   | Identified the cursed +8 trident of Toth-Mos's Legacy
                  | {spect, Alch, Bglg} (You took it off a wight on level 6 of
                  | the Dungeon)
 32708 | Lair:2   | Identified the cursed +8 trident of Toth-Mos's Legacy
                  | {spect, Alch, Bglg} (You took it off a wight on level 6 of
                  | the Dungeon)
 32740 | Lair:2   | Identified the cursed +8 trident of Toth-Mos's Legacy
                  | {spect, Alch, Bglg} (You took it off a wight on level 6 of
                  | the Dungeon)
 32750 | Lair:2   | Identified the cursed +8 trident of Toth-Mos's Legacy
                  | {spect, Alch, Bglg} (You took it off a wight on level 6 of
                  | the Dungeon)
 32825 | Lair:2   | Identified the cursed +8 trident of Toth-Mos's Legacy
                  | {spect, Alch, Bglg} (You took it off a wight on level 6 of
                  | the Dungeon)
 32829 | Lair:2   | Identified the cursed +8 trident of Toth-Mos's Legacy
                  | {spect, Alch, Bglg} (You took it off a wight on level 6 of
                  | the Dungeon)
 32832 | Lair:2   | Identified the cursed +8 trident of Toth-Mos's Legacy
                  | {spect, Alch, Bglg} (You took it off a wight on level 6 of
                  | the Dungeon)
 32938 | Shoals:1 | Identified the cursed +8 trident of Toth-Mos's Legacy
                  | {spect, Alch, Bglg} (You took it off a wight on level 6 of
                  | the Dungeon)
 32974 | Shoals:1 | Identified the cursed +8 trident of Toth-Mos's Legacy
                  | {spect, Alch, Bglg} (You took it off a wight on level 6 of
                  | the Dungeon)
 32978 | Shoals:1 | Identified the cursed +8 trident of Toth-Mos's Legacy
                  | {spect, Alch, Bglg} (You took it off a wight on level 6 of
                  | the Dungeon)
 32991 | Shoals:1 | Identified the cursed +8 trident of Toth-Mos's Legacy
                  | {spect, Alch, Bglg} (You took it off a wight on level 6 of
                  | the Dungeon)
 32997 | Shoals:1 | Identified the cursed +8 trident of Toth-Mos's Legacy
                  | {spect, Alch, Bglg} (You took it off a wight on level 6 of
                  | the Dungeon)
 33000 | Shoals:1 | Identified the cursed +8 trident of Toth-Mos's Legacy
                  | {spect, Alch, Bglg} (You took it off a wight on level 6 of
                  | the Dungeon)
 33006 | Shoals:1 | Identified the cursed +8 trident of Toth-Mos's Legacy
                  | {spect, Alch, Bglg} (You took it off a wight on level 6 of
                  | the Dungeon)
 33134 | Shoals:1 | Identified the cursed +8 trident of Toth-Mos's Legacy
                  | {spect, Alch, Bglg} (You took it off a wight on level 6 of
                  | the Dungeon)
 33135 | Shoals:1 | Identified the cursed +8 trident of Toth-Mos's Legacy
                  | {spect, Alch, Bglg} (You took it off a wight on level 6 of
                  | the Dungeon)
 33139 | Shoals:1 | Identified the cursed +8 trident of Toth-Mos's Legacy
                  | {spect, Alch, Bglg} (You took it off a wight on level 6 of
                  | the Dungeon)
 33141 | Shoals:1 | Identified the cursed +8 trident of Toth-Mos's Legacy
                  | {spect, Alch, Bglg} (You took it off a wight on level 6 of
                  | the Dungeon)
 33144 | Shoals:1 | Identified the cursed +8 trident of Toth-Mos's Legacy
                  | {spect, Alch, Bglg} (You took it off a wight on level 6 of
                  | the Dungeon)
 33148 | Shoals:1 | Identified the cursed +8 trident of Toth-Mos's Legacy
                  | {spect, Alch, Bglg} (You took it off a wight on level 6 of
                  | the Dungeon)
 33166 | Shoals:1 | Identified the cursed +8 trident of Toth-Mos's Legacy
                  | {spect, Alch, Bglg} (You took it off a wight on level 6 of
                  | the Dungeon)
 33169 | Shoals:1 | Identified the cursed +8 trident of Toth-Mos's Legacy
                  | {spect, Alch, Bglg} (You took it off a wight on level 6 of
                  | the Dungeon)
 33223 | Shoals:1 | Identified the cursed +8 trident of Toth-Mos's Legacy
                  | {spect, Alch, Bglg} (You took it off a wight on level 6 of
                  | the Dungeon)
 33386 | Shoals:1 | Identified the cursed +8 trident of Toth-Mos's Legacy
                  | {spect, Alch, Bglg} (You took it off a wight on level 6 of
                  | the Dungeon)
 33415 | Shoals:2 | Identified the cursed +8 trident of Toth-Mos's Legacy
                  | {spect, Alch, Bglg} (You took it off a wight on level 6 of
                  | the Dungeon)
 33500 | Shoals:2 | Identified the cursed +8 trident of Toth-Mos's Legacy
                  | {spect, Alch, Bglg} (You took it off a wight on level 6 of
                  | the Dungeon)
 33503 | Shoals:2 | Identified the cursed +8 trident of Toth-Mos's Legacy
                  | {spect, Alch, Bglg} (You took it off a wight on level 6 of
                  | the Dungeon)
 33506 | Shoals:1 | Identified the cursed +8 trident of Toth-Mos's Legacy
                  | {spect, Alch, Bglg} (You took it off a wight on level 6 of
                  | the Dungeon)
 33511 | Shoals:1 | Identified the cursed +8 trident of Toth-Mos's Legacy
                  | {spect, Alch, Bglg} (You took it off a wight on level 6 of
                  | the Dungeon)
 33513 | Shoals:1 | Identified the cursed +8 trident of Toth-Mos's Legacy
                  | {spect, Alch, Bglg} (You took it off a wight on level 6 of
                  | the Dungeon)
 33697 | Shoals:1 | Identified the cursed +8 trident of Toth-Mos's Legacy
                  | {spect, Alch, Bglg} (You took it off a wight on level 6 of
                  | the Dungeon)
 33802 | Shoals:1 | Noticed a kraken
 33809 | Shoals:1 | a kraken changed into a frost giant
 33822 | Shoals:1 | Identified the cursed +8 trident of Toth-Mos's Legacy
                  | {spect, Alch, Bglg} (You took it off a wight on level 6 of
                  | the Dungeon)
 34034 | Shoals:1 | Identified the cursed +8 trident of Toth-Mos's Legacy
                  | {spect, Alch, Bglg} (You took it off a wight on level 6 of
                  | the Dungeon)
 34039 | Shoals:1 | Identified the cursed +8 trident of Toth-Mos's Legacy
                  | {spect, Alch, Bglg} (You took it off a wight on level 6 of
                  | the Dungeon)
 34043 | Shoals:1 | Reached skill level 5 in Translocations
 34105 | Shoals:2 | Identified the cursed +8 trident of Toth-Mos's Legacy
                  | {spect, Alch, Bglg} (You took it off a wight on level 6 of
                  | the Dungeon)
 34108 | Shoals:2 | Identified the cursed +8 trident of Toth-Mos's Legacy
                  | {spect, Alch, Bglg} (You took it off a wight on level 6 of
                  | the Dungeon)
 34111 | Shoals:2 | Identified the cursed +8 trident of Toth-Mos's Legacy
                  | {spect, Alch, Bglg} (You took it off a wight on level 6 of
                  | the Dungeon)
 34115 | Shoals:2 | Identified the cursed +8 trident of Toth-Mos's Legacy
                  | {spect, Alch, Bglg} (You took it off a wight on level 6 of
                  | the Dungeon)
 34210 | Shoals:2 | Identified the cursed +8 trident of Toth-Mos's Legacy
                  | {spect, Alch, Bglg} (You took it off a wight on level 6 of
                  | the Dungeon)
 34250 | Shoals:2 | Found Ycvuim's Assorted Antiques.
 34279 | Shoals:2 | Identified the cursed +8 trident of Toth-Mos's Legacy
                  | {spect, Alch, Bglg} (You took it off a wight on level 6 of
                  | the Dungeon)
 34282 | Shoals:2 | Identified the cursed +8 trident of Toth-Mos's Legacy
                  | {spect, Alch, Bglg} (You took it off a wight on level 6 of
                  | the Dungeon)
 34300 | Shoals:2 | Identified the cursed +8 trident of Toth-Mos's Legacy
                  | {spect, Alch, Bglg} (You took it off a wight on level 6 of
                  | the Dungeon)
 34303 | Shoals:2 | Identified the cursed +8 trident of Toth-Mos's Legacy
                  | {spect, Alch, Bglg} (You took it off a wight on level 6 of
                  | the Dungeon)
 34309 | Shoals:2 | Identified the cursed +8 trident of Toth-Mos's Legacy
                  | {spect, Alch, Bglg} (You took it off a wight on level 6 of
                  | the Dungeon)
 34436 | Shoals:2 | Identified the cursed +8 trident of Toth-Mos's Legacy
                  | {spect, Alch, Bglg} (You took it off a wight on level 6 of
                  | the Dungeon)
 34442 | Shoals:2 | Identified the cursed +8 trident of Toth-Mos's Legacy
                  | {spect, Alch, Bglg} (You took it off a wight on level 6 of
                  | the Dungeon)
 34446 | Shoals:2 | Identified the cursed +8 trident of Toth-Mos's Legacy
                  | {spect, Alch, Bglg} (You took it off a wight on level 6 of
                  | the Dungeon)
 34449 | Shoals:2 | Identified the cursed +8 trident of Toth-Mos's Legacy
                  | {spect, Alch, Bglg} (You took it off a wight on level 6 of
                  | the Dungeon)
 34453 | Shoals:2 | Identified the cursed +8 trident of Toth-Mos's Legacy
                  | {spect, Alch, Bglg} (You took it off a wight on level 6 of
                  | the Dungeon)
 34461 | Shoals:2 | Identified the cursed +8 trident of Toth-Mos's Legacy
                  | {spect, Alch, Bglg} (You took it off a wight on level 6 of
                  | the Dungeon)
 34463 | Shoals:2 | Identified the cursed +8 trident of Toth-Mos's Legacy
                  | {spect, Alch, Bglg} (You took it off a wight on level 6 of
                  | the Dungeon)
 34469 | Shoals:2 | Identified the cursed +8 trident of Toth-Mos's Legacy
                  | {spect, Alch, Bglg} (You took it off a wight on level 6 of
                  | the Dungeon)
 34473 | Shoals:2 | Identified the cursed +8 trident of Toth-Mos's Legacy
                  | {spect, Alch, Bglg} (You took it off a wight on level 6 of
                  | the Dungeon)
 34478 | Shoals:2 | Identified the cursed +8 trident of Toth-Mos's Legacy
                  | {spect, Alch, Bglg} (You took it off a wight on level 6 of
                  | the Dungeon)
 34481 | Shoals:2 | Identified the cursed +8 trident of Toth-Mos's Legacy
                  | {spect, Alch, Bglg} (You took it off a wight on level 6 of
                  | the Dungeon)
 34483 | Shoals:2 | Identified the cursed +8 trident of Toth-Mos's Legacy
                  | {spect, Alch, Bglg} (You took it off a wight on level 6 of
                  | the Dungeon)
 34485 | Shoals:2 | Identified the cursed +8 trident of Toth-Mos's Legacy
                  | {spect, Alch, Bglg} (You took it off a wight on level 6 of
                  | the Dungeon)
 34658 | Shoals:2 | Identified the cursed +8 trident of Toth-Mos's Legacy
                  | {spect, Alch, Bglg} (You took it off a wight on level 6 of
                  | the Dungeon)
 34744 | Shoals:2 | Identified the cursed +8 trident of Toth-Mos's Legacy
                  | {spect, Alch, Bglg} (You took it off a wight on level 6 of
                  | the Dungeon)
 34746 | Shoals:2 | Identified the cursed +8 trident of Toth-Mos's Legacy
                  | {spect, Alch, Bglg} (You took it off a wight on level 6 of
                  | the Dungeon)
 34755 | Shoals:2 | Identified the cursed +8 trident of Toth-Mos's Legacy
                  | {spect, Alch, Bglg} (You took it off a wight on level 6 of
                  | the Dungeon)
 34757 | Shoals:2 | Identified the cursed +8 trident of Toth-Mos's Legacy
                  | {spect, Alch, Bglg} (You took it off a wight on level 6 of
                  | the Dungeon)
 34766 | Shoals:2 | Identified the cursed +8 trident of Toth-Mos's Legacy
                  | {spect, Alch, Bglg} (You took it off a wight on level 6 of
                  | the Dungeon)
 34769 | Shoals:2 | Identified the cursed +8 trident of Toth-Mos's Legacy
                  | {spect, Alch, Bglg} (You took it off a wight on level 6 of
                  | the Dungeon)
 34771 | Shoals:2 | Identified the cursed +8 trident of Toth-Mos's Legacy
                  | {spect, Alch, Bglg} (You took it off a wight on level 6 of
                  | the Dungeon)
 34775 | Shoals:2 | Identified the cursed +8 trident of Toth-Mos's Legacy
                  | {spect, Alch, Bglg} (You took it off a wight on level 6 of
                  | the Dungeon)
 34782 | Shoals:2 | Identified the cursed +8 trident of Toth-Mos's Legacy
                  | {spect, Alch, Bglg} (You took it off a wight on level 6 of
                  | the Dungeon)
 34784 | Shoals:2 | Identified the cursed +8 trident of Toth-Mos's Legacy
                  | {spect, Alch, Bglg} (You took it off a wight on level 6 of
                  | the Dungeon)
 34786 | Shoals:2 | Identified the cursed +8 trident of Toth-Mos's Legacy
                  | {spect, Alch, Bglg} (You took it off a wight on level 6 of
                  | the Dungeon)
 35040 | Shoals:3 | Identified the cursed +8 trident of Toth-Mos's Legacy
                  | {spect, Alch, Bglg} (You took it off a wight on level 6 of
                  | the Dungeon)
 35045 | Shoals:3 | Identified the cursed +8 trident of Toth-Mos's Legacy
                  | {spect, Alch, Bglg} (You took it off a wight on level 6 of
                  | the Dungeon)
 35053 | Shoals:3 | Identified the cursed +8 trident of Toth-Mos's Legacy
                  | {spect, Alch, Bglg} (You took it off a wight on level 6 of
                  | the Dungeon)
 35057 | Shoals:3 | Reached skill level 17 in Dodging
 35147 | Shoals:3 | Identified the cursed +8 trident of Toth-Mos's Legacy
                  | {spect, Alch, Bglg} (You took it off a wight on level 6 of
                  | the Dungeon)
 35149 | Shoals:3 | Identified the cursed +8 trident of Toth-Mos's Legacy
                  | {spect, Alch, Bglg} (You took it off a wight on level 6 of
                  | the Dungeon)
 35153 | Shoals:3 | Identified the cursed +8 trident of Toth-Mos's Legacy
                  | {spect, Alch, Bglg} (You took it off a wight on level 6 of
                  | the Dungeon)
 35159 | Shoals:3 | Identified the cursed +8 trident of Toth-Mos's Legacy
                  | {spect, Alch, Bglg} (You took it off a wight on level 6 of
                  | the Dungeon)
 35161 | Shoals:3 | Identified the cursed +8 trident of Toth-Mos's Legacy
                  | {spect, Alch, Bglg} (You took it off a wight on level 6 of
                  | the Dungeon)
 35183 | Shoals:3 | Identified the cursed +8 trident of Toth-Mos's Legacy
                  | {spect, Alch, Bglg} (You took it off a wight on level 6 of
                  | the Dungeon)
 35185 | Shoals:3 | Identified the cursed +8 trident of Toth-Mos's Legacy
                  | {spect, Alch, Bglg} (You took it off a wight on level 6 of
                  | the Dungeon)
 35197 | Shoals:3 | Identified the cursed +8 trident of Toth-Mos's Legacy
                  | {spect, Alch, Bglg} (You took it off a wight on level 6 of
                  | the Dungeon)
 35210 | Shoals:3 | Identified the cursed +8 trident of Toth-Mos's Legacy
                  | {spect, Alch, Bglg} (You took it off a wight on level 6 of
                  | the Dungeon)
 35212 | Shoals:3 | Identified the cursed +8 trident of Toth-Mos's Legacy
                  | {spect, Alch, Bglg} (You took it off a wight on level 6 of
                  | the Dungeon)
 35240 | Shoals:3 | Identified the cursed +8 trident of Toth-Mos's Legacy
                  | {spect, Alch, Bglg} (You took it off a wight on level 6 of
                  | the Dungeon)
 35251 | Shoals:3 | Identified the cursed +8 trident of Toth-Mos's Legacy
                  | {spect, Alch, Bglg} (You took it off a wight on level 6 of
                  | the Dungeon)
 35254 | Shoals:3 | Identified the cursed +8 trident of Toth-Mos's Legacy
                  | {spect, Alch, Bglg} (You took it off a wight on level 6 of
                  | the Dungeon)
 35384 | Shoals:3 | Identified the cursed +8 trident of Toth-Mos's Legacy
                  | {spect, Alch, Bglg} (You took it off a wight on level 6 of
                  | the Dungeon)
 35389 | Shoals:3 | Identified the cursed +8 trident of Toth-Mos's Legacy
                  | {spect, Alch, Bglg} (You took it off a wight on level 6 of
                  | the Dungeon)
 35392 | Shoals:3 | Noticed Ilsuiw
 35393 | Shoals:3 | Identified the cursed +8 trident of Toth-Mos's Legacy
                  | {spect, Alch, Bglg} (You took it off a wight on level 6 of
                  | the Dungeon)
 35396 | Shoals:4 | Entered Level 4 of the Shoals
 35458 | Shoals:4 | Identified the cursed +8 trident of Toth-Mos's Legacy
                  | {spect, Alch, Bglg} (You took it off a wight on level 6 of
                  | the Dungeon)
 35469 | Shoals:4 | Identified the +9 short sword "Zohaic" {flame, Will+ Str+3}
 35470 | Shoals:4 | Identified the cursed +8 trident of Toth-Mos's Legacy
                  | {spect, Alch, Bglg} (You took it off a wight on level 6 of
                  | the Dungeon)
 35497 | Shoals:4 | Identified the cursed +8 trident of Toth-Mos's Legacy
                  | {spect, Alch, Bglg} (You took it off a wight on level 6 of
                  | the Dungeon)
 35507 | Shoals:4 | Identified the cursed +8 trident of Toth-Mos's Legacy
                  | {spect, Alch, Bglg} (You took it off a wight on level 6 of
                  | the Dungeon)
 35509 | Shoals:4 | Identified the cursed +8 trident of Toth-Mos's Legacy
                  | {spect, Alch, Bglg} (You took it off a wight on level 6 of
                  | the Dungeon)
 35512 | Shoals:4 | Identified the cursed +8 trident of Toth-Mos's Legacy
                  | {spect, Alch, Bglg} (You took it off a wight on level 6 of
                  | the Dungeon)
 35517 | Shoals:4 | Identified the cursed +8 trident of Toth-Mos's Legacy
                  | {spect, Alch, Bglg} (You took it off a wight on level 6 of
                  | the Dungeon)
 35523 | Shoals:4 | Identified the cursed +8 trident of Toth-Mos's Legacy
                  | {spect, Alch, Bglg} (You took it off a wight on level 6 of
                  | the Dungeon)
 35525 | Shoals:4 | Identified the cursed +8 trident of Toth-Mos's Legacy
                  | {spect, Alch, Bglg} (You took it off a wight on level 6 of
                  | the Dungeon)
 35557 | Shoals:3 | Identified the cursed +8 trident of Toth-Mos's Legacy
                  | {spect, Alch, Bglg} (You took it off a wight on level 6 of
                  | the Dungeon)
 35585 | Shoals:3 | Identified the cursed +8 trident of Toth-Mos's Legacy
                  | {spect, Alch, Bglg} (You took it off a wight on level 6 of
                  | the Dungeon)
 35641 | Shoals:3 | Identified the cursed +8 trident of Toth-Mos's Legacy
                  | {spect, Alch, Bglg} (You took it off a wight on level 6 of
                  | the Dungeon)
 35648 | Shoals:3 | Identified the cursed +8 trident of Toth-Mos's Legacy
                  | {spect, Alch, Bglg} (You took it off a wight on level 6 of
                  | the Dungeon)
 35654 | Shoals:3 | Identified the cursed +8 trident of Toth-Mos's Legacy
                  | {spect, Alch, Bglg} (You took it off a wight on level 6 of
                  | the Dungeon)
 35657 | Shoals:3 | Identified the cursed +8 trident of Toth-Mos's Legacy
                  | {spect, Alch, Bglg} (You took it off a wight on level 6 of
                  | the Dungeon)
 35661 | Shoals:3 | Identified the cursed +8 trident of Toth-Mos's Legacy
                  | {spect, Alch, Bglg} (You took it off a wight on level 6 of
                  | the Dungeon)
 35764 | Shoals:3 | Identified the cursed +8 trident of Toth-Mos's Legacy
                  | {spect, Alch, Bglg} (You took it off a wight on level 6 of
                  | the Dungeon)
 35803 | Shoals:3 | Identified the cursed +8 trident of Toth-Mos's Legacy
                  | {spect, Alch, Bglg} (You took it off a wight on level 6 of
                  | the Dungeon)
 35806 | Shoals:3 | Identified the cursed +8 trident of Toth-Mos's Legacy
                  | {spect, Alch, Bglg} (You took it off a wight on level 6 of
                  | the Dungeon)
 35828 | Shoals:3 | Identified the cursed +8 trident of Toth-Mos's Legacy
                  | {spect, Alch, Bglg} (You took it off a wight on level 6 of
                  | the Dungeon)
 35878 | Shoals:3 | Identified the cursed +8 trident of Toth-Mos's Legacy
                  | {spect, Alch, Bglg} (You took it off a wight on level 6 of
                  | the Dungeon)
 35884 | Shoals:3 | Identified the cursed +8 trident of Toth-Mos's Legacy
                  | {spect, Alch, Bglg} (You took it off a wight on level 6 of
                  | the Dungeon)
 35890 | Shoals:3 | Noticed Polyphemus
 36117 | D:11     | Identified the cursed +8 trident of Toth-Mos's Legacy
                  | {spect, Alch, Bglg} (You took it off a wight on level 6 of
                  | the Dungeon)
 36121 | D:11     | Identified the cursed +8 trident of Toth-Mos's Legacy
                  | {spect, Alch, Bglg} (You took it off a wight on level 6 of
                  | the Dungeon)
 36123 | D:11     | Killed jejorda2's ghost
 36124 | D:11     | Identified the cursed +8 trident of Toth-Mos's Legacy
                  | {spect, Alch, Bglg} (You took it off a wight on level 6 of
                  | the Dungeon)
 36130 | D:11     | Identified the cursed +8 trident of Toth-Mos's Legacy
                  | {spect, Alch, Bglg} (You took it off a wight on level 6 of
                  | the Dungeon)
 36134 | D:11     | Identified the cursed +8 trident of Toth-Mos's Legacy
                  | {spect, Alch, Bglg} (You took it off a wight on level 6 of
                  | the Dungeon)
 36270 | Orc:1    | Identified the cursed +8 trident of Toth-Mos's Legacy
                  | {spect, Alch, Bglg} (You took it off a wight on level 6 of
                  | the Dungeon)
 36279 | Orc:1    | Killed Gogrithru's ghost
 36282 | Orc:1    | Identified the cursed +8 trident of Toth-Mos's Legacy
                  | {spect, Alch, Bglg} (You took it off a wight on level 6 of
                  | the Dungeon)
 36636 | D:9      | Identified the cursed +8 trident of Toth-Mos's Legacy
                  | {spect, Alch, Bglg} (You took it off a wight on level 6 of
                  | the Dungeon)
 36652 | D:9      | Identified the cursed +8 trident of Toth-Mos's Legacy
                  | {spect, Alch, Bglg} (You took it off a wight on level 6 of
                  | the Dungeon)
 36655 | D:9      | Killed Erolcha
 36679 | D:9      | Identified the cursed +8 trident of Toth-Mos's Legacy
                  | {spect, Alch, Bglg} (You took it off a wight on level 6 of
                  | the Dungeon)
 36693 | D:9      | Identified the cursed +8 trident of Toth-Mos's Legacy
                  | {spect, Alch, Bglg} (You took it off a wight on level 6 of
                  | the Dungeon)
 36699 | D:9      | Noticed Pikel
 36700 | D:9      | Identified the cursed +8 trident of Toth-Mos's Legacy
                  | {spect, Alch, Bglg} (You took it off a wight on level 6 of
                  | the Dungeon)
 36703 | D:9      | Identified the cursed +8 trident of Toth-Mos's Legacy
                  | {spect, Alch, Bglg} (You took it off a wight on level 6 of
                  | the Dungeon)
 36706 | D:9      | Killed Pikel
 36708 | D:9      | Identified the cursed +8 trident of Toth-Mos's Legacy
                  | {spect, Alch, Bglg} (You took it off a wight on level 6 of
                  | the Dungeon)
 36736 | D:9      | Identified the cursed +8 trident of Toth-Mos's Legacy
                  | {spect, Alch, Bglg} (You took it off a wight on level 6 of
                  | the Dungeon)
 36740 | D:9      | Identified the cursed +8 trident of Toth-Mos's Legacy
                  | {spect, Alch, Bglg} (You took it off a wight on level 6 of
                  | the Dungeon)
 36742 | D:9      | Identified the cursed +8 trident of Toth-Mos's Legacy
                  | {spect, Alch, Bglg} (You took it off a wight on level 6 of
                  | the Dungeon)
 36746 | D:9      | Identified the cursed +8 trident of Toth-Mos's Legacy
                  | {spect, Alch, Bglg} (You took it off a wight on level 6 of
                  | the Dungeon)
 36784 | D:9      | Identified the cursed +8 trident of Toth-Mos's Legacy
                  | {spect, Alch, Bglg} (You took it off a wight on level 6 of
                  | the Dungeon)
 36845 | D:9      | Identified the cursed +8 trident of Toth-Mos's Legacy
                  | {spect, Alch, Bglg} (You took it off a wight on level 6 of
                  | the Dungeon)
 36850 | D:9      | Reached skill level 18 in Dodging
 36850 | D:9      | Identified the cursed +8 trident of Toth-Mos's Legacy
                  | {spect, Alch, Bglg} (You took it off a wight on level 6 of
                  | the Dungeon)
 36909 | D:9      | Identified the cursed +8 trident of Toth-Mos's Legacy
                  | {spect, Alch, Bglg} (You took it off a wight on level 6 of
                  | the Dungeon)
 37208 | Shoals:2 | Bought a scroll of acquirement for 1352 gold pieces
 37209 | Shoals:2 | Acquired the +0 buckler of Wohoostru {rPois rC+ MP+9 Int-4}
 37387 | Shoals:3 | Identified the cursed +8 trident of Toth-Mos's Legacy
                  | {spect, Alch, Bglg} (You took it off a wight on level 6 of
                  | the Dungeon)
 37390 | Shoals:3 | Identified the cursed +8 trident of Toth-Mos's Legacy
                  | {spect, Alch, Bglg} (You took it off a wight on level 6 of
                  | the Dungeon)
 37396 | Shoals:3 | Identified the cursed +8 trident of Toth-Mos's Legacy
                  | {spect, Alch, Bglg} (You took it off a wight on level 6 of
                  | the Dungeon)
 37407 | Shoals:3 | Identified the cursed +8 trident of Toth-Mos's Legacy
                  | {spect, Alch, Bglg} (You took it off a wight on level 6 of
                  | the Dungeon)
 37503 | Shoals:3 | Identified the cursed +8 trident of Toth-Mos's Legacy
                  | {spect, Alch, Bglg} (You took it off a wight on level 6 of
                  | the Dungeon)
 37507 | Shoals:3 | Identified the cursed +8 trident of Toth-Mos's Legacy
                  | {spect, Alch, Bglg} (You took it off a wight on level 6 of
                  | the Dungeon)
 37513 | Shoals:3 | Identified the cursed +8 trident of Toth-Mos's Legacy
                  | {spect, Alch, Bglg} (You took it off a wight on level 6 of
                  | the Dungeon)
 37516 | Shoals:3 | Killed Ilsuiw
 37524 | Shoals:3 | HP: 1/95 [Polyphemus/large rock (27)]
 37670 | Shoals:3 | Identified the cursed +8 trident of Toth-Mos's Legacy
                  | {spect, Alch, Bglg} (You took it off a wight on level 6 of
                  | the Dungeon)
 37841 | Shoals:3 | Identified the cursed +8 trident of Toth-Mos's Legacy
                  | {spect, Alch, Bglg} (You took it off a wight on level 6 of
                  | the Dungeon)
 37848 | Shoals:3 | Identified the cursed +8 trident of Toth-Mos's Legacy
                  | {spect, Alch, Bglg} (You took it off a wight on level 6 of
                  | the Dungeon)
 37850 | Shoals:3 | Identified the cursed +8 trident of Toth-Mos's Legacy
                  | {spect, Alch, Bglg} (You took it off a wight on level 6 of
                  | the Dungeon)
 37857 | Shoals:3 | Identified the cursed +8 trident of Toth-Mos's Legacy
                  | {spect, Alch, Bglg} (You took it off a wight on level 6 of
                  | the Dungeon)
 37896 | Shoals:3 | Identified the cursed +8 trident of Toth-Mos's Legacy
                  | {spect, Alch, Bglg} (You took it off a wight on level 6 of
                  | the Dungeon)
 37934 | Shoals:3 | Identified the cursed +8 trident of Toth-Mos's Legacy
                  | {spect, Alch, Bglg} (You took it off a wight on level 6 of
                  | the Dungeon)
 37935 | Shoals:3 | Identified the cursed +8 trident of Toth-Mos's Legacy
                  | {spect, Alch, Bglg} (You took it off a wight on level 6 of
                  | the Dungeon)
 37938 | Shoals:3 | Identified the cursed +8 trident of Toth-Mos's Legacy
                  | {spect, Alch, Bglg} (You took it off a wight on level 6 of
                  | the Dungeon)
 38001 | Shoals:3 | Identified the cursed +8 trident of Toth-Mos's Legacy
                  | {spect, Alch, Bglg} (You took it off a wight on level 6 of
                  | the Dungeon)
 38193 | Shoals:4 | Identified the cursed +8 trident of Toth-Mos's Legacy
                  | {spect, Alch, Bglg} (You took it off a wight on level 6 of
                  | the Dungeon)
 38197 | Shoals:4 | Identified the cursed +8 trident of Toth-Mos's Legacy
                  | {spect, Alch, Bglg} (You took it off a wight on level 6 of
                  | the Dungeon)
 38201 | Shoals:4 | Identified the cursed +8 trident of Toth-Mos's Legacy
                  | {spect, Alch, Bglg} (You took it off a wight on level 6 of
                  | the Dungeon)
 38207 | Shoals:4 | Identified the cursed +8 trident of Toth-Mos's Legacy
                  | {spect, Alch, Bglg} (You took it off a wight on level 6 of
                  | the Dungeon)
 38209 | Shoals:4 | Identified the cursed +8 trident of Toth-Mos's Legacy
                  | {spect, Alch, Bglg} (You took it off a wight on level 6 of
                  | the Dungeon)
 38214 | Shoals:4 | Identified the cursed +8 trident of Toth-Mos's Legacy
                  | {spect, Alch, Bglg} (You took it off a wight on level 6 of
                  | the Dungeon)
 38218 | Shoals:4 | Identified the cursed +8 trident of Toth-Mos's Legacy
                  | {spect, Alch, Bglg} (You took it off a wight on level 6 of
                  | the Dungeon)
 38226 | Shoals:4 | Identified the +5 ring mail "Juty" {Rampage *Slow MP+9
                  | Str+2}
 38422 | Shoals:4 | Identified the cursed +8 trident of Toth-Mos's Legacy
                  | {spect, Alch, Bglg} (You took it off a wight on level 6 of
                  | the Dungeon)
 38441 | Shoals:4 | Identified the cursed +8 trident of Toth-Mos's Legacy
                  | {spect, Alch, Bglg} (You took it off a wight on level 6 of
                  | the Dungeon)
 38457 | Shoals:4 | Identified the cursed +8 trident of Toth-Mos's Legacy
                  | {spect, Alch, Bglg} (You took it off a wight on level 6 of
                  | the Dungeon)
 38459 | Shoals:4 | Identified the cursed +8 trident of Toth-Mos's Legacy
                  | {spect, Alch, Bglg} (You took it off a wight on level 6 of
                  | the Dungeon)
 38466 | Shoals:4 | Identified the cursed +8 trident of Toth-Mos's Legacy
                  | {spect, Alch, Bglg} (You took it off a wight on level 6 of
                  | the Dungeon)
 38499 | Shoals:4 | Identified the cursed +8 trident of Toth-Mos's Legacy
                  | {spect, Alch, Bglg} (You took it off a wight on level 6 of
                  | the Dungeon)
 38500 | Shoals:4 | Identified the +9 trident "Izxigomo" {drain, rF+ Str-3 SInv
                  | Stlth+}
 38500 | Shoals:4 | Noticed Mara
 38501 | Shoals:4 | Identified the cursed +8 trident of Toth-Mos's Legacy
                  | {spect, Alch, Bglg} (You took it off a wight on level 6 of
                  | the Dungeon)
 38524 | Shoals:3 | Identified the cursed +8 trident of Toth-Mos's Legacy
                  | {spect, Alch, Bglg} (You took it off a wight on level 6 of
                  | the Dungeon)
 38531 | Shoals:3 | Identified the cursed +8 trident of Toth-Mos's Legacy
                  | {spect, Alch, Bglg} (You took it off a wight on level 6 of
                  | the Dungeon)
 38533 | Shoals:3 | Identified the cursed +8 trident of Toth-Mos's Legacy
                  | {spect, Alch, Bglg} (You took it off a wight on level 6 of
                  | the Dungeon)
 38536 | Shoals:3 | Identified the cursed +8 trident of Toth-Mos's Legacy
                  | {spect, Alch, Bglg} (You took it off a wight on level 6 of
                  | the Dungeon)
 38585 | Shoals:3 | Identified the cursed +8 trident of Toth-Mos's Legacy
                  | {spect, Alch, Bglg} (You took it off a wight on level 6 of
                  | the Dungeon)
 38587 | Shoals:3 | Identified the cursed +8 trident of Toth-Mos's Legacy
                  | {spect, Alch, Bglg} (You took it off a wight on level 6 of
                  | the Dungeon)
 38594 | Shoals:3 | Identified the cursed +8 trident of Toth-Mos's Legacy
                  | {spect, Alch, Bglg} (You took it off a wight on level 6 of
                  | the Dungeon)
 38596 | Shoals:3 | Identified the cursed +8 trident of Toth-Mos's Legacy
                  | {spect, Alch, Bglg} (You took it off a wight on level 6 of
                  | the Dungeon)
 38648 | Shoals:3 | Identified the cursed +8 trident of Toth-Mos's Legacy
                  | {spect, Alch, Bglg} (You took it off a wight on level 6 of
                  | the Dungeon)
 38655 | Shoals:3 | Identified the cursed +8 trident of Toth-Mos's Legacy
                  | {spect, Alch, Bglg} (You took it off a wight on level 6 of
                  | the Dungeon)
 38658 | Shoals:3 | Identified the cursed +8 trident of Toth-Mos's Legacy
                  | {spect, Alch, Bglg} (You took it off a wight on level 6 of
                  | the Dungeon)
 38662 | Shoals:3 | Identified the cursed +8 trident of Toth-Mos's Legacy
                  | {spect, Alch, Bglg} (You took it off a wight on level 6 of
                  | the Dungeon)
 38667 | Shoals:3 | Identified the cursed +8 trident of Toth-Mos's Legacy
                  | {spect, Alch, Bglg} (You took it off a wight on level 6 of
                  | the Dungeon)
 38670 | Shoals:3 | Identified the cursed +8 trident of Toth-Mos's Legacy
                  | {spect, Alch, Bglg} (You took it off a wight on level 6 of
                  | the Dungeon)
 38690 | Shoals:3 | Identified the cursed +8 trident of Toth-Mos's Legacy
                  | {spect, Alch, Bglg} (You took it off a wight on level 6 of
                  | the Dungeon)
 38692 | Shoals:3 | Identified the cursed +8 trident of Toth-Mos's Legacy
                  | {spect, Alch, Bglg} (You took it off a wight on level 6 of
                  | the Dungeon)
 38710 | Shoals:3 | Identified the cursed +8 trident of Toth-Mos's Legacy
                  | {spect, Alch, Bglg} (You took it off a wight on level 6 of
                  | the Dungeon)
 38777 | Shoals:3 | Identified the cursed +8 trident of Toth-Mos's Legacy
                  | {spect, Alch, Bglg} (You took it off a wight on level 6 of
                  | the Dungeon)
 38779 | Shoals:3 | Identified the cursed +8 trident of Toth-Mos's Legacy
                  | {spect, Alch, Bglg} (You took it off a wight on level 6 of
                  | the Dungeon)
 38814 | Shoals:4 | Identified the cursed +8 trident of Toth-Mos's Legacy
                  | {spect, Alch, Bglg} (You took it off a wight on level 6 of
                  | the Dungeon)
 38817 | Shoals:4 | Identified the cursed +8 trident of Toth-Mos's Legacy
                  | {spect, Alch, Bglg} (You took it off a wight on level 6 of
                  | the Dungeon)
 38824 | Shoals:4 | Noticed rlgrobin's illusion
 38829 | Shoals:3 | Identified the cursed +8 trident of Toth-Mos's Legacy
                  | {spect, Alch, Bglg} (You took it off a wight on level 6 of
                  | the Dungeon)
 38837 | Shoals:4 | Identified the cursed +8 trident of Toth-Mos's Legacy
                  | {spect, Alch, Bglg} (You took it off a wight on level 6 of
                  | the Dungeon)
 38839 | Shoals:4 | Identified the cursed +8 trident of Toth-Mos's Legacy
                  | {spect, Alch, Bglg} (You took it off a wight on level 6 of
                  | the Dungeon)
 38958 | Shoals:4 | Noticed rlgrobin's illusion
 39575 | D:14     | Identified the cursed +8 trident of Toth-Mos's Legacy
                  | {spect, Alch, Bglg} (You took it off a wight on level 6 of
                  | the Dungeon)
 39586 | D:14     | Reached XP level 18. HP: 51/92 MP: 38/38
 39600 | D:14     | Learned a level 4 spell: Petrify
 39608 | D:14     | Identified the cursed +8 trident of Toth-Mos's Legacy
                  | {spect, Alch, Bglg} (You took it off a wight on level 6 of
                  | the Dungeon)
 39614 | D:14     | Reached skill level 19 in Dodging
 39641 | Depths:1 | Entered Level 1 of the Depths
 39654 | D:15     | Identified the cursed +8 trident of Toth-Mos's Legacy
                  | {spect, Alch, Bglg} (You took it off a wight on level 6 of
                  | the Dungeon)
 39663 | D:15     | Identified the cursed +8 trident of Toth-Mos's Legacy
                  | {spect, Alch, Bglg} (You took it off a wight on level 6 of
                  | the Dungeon)
 39851 | D:14     | Identified the cursed +8 trident of Toth-Mos's Legacy
                  | {spect, Alch, Bglg} (You took it off a wight on level 6 of
                  | the Dungeon)
 39853 | D:14     | Identified the cursed +8 trident of Toth-Mos's Legacy
                  | {spect, Alch, Bglg} (You took it off a wight on level 6 of
                  | the Dungeon)
 40125 | Snake:3  | Identified the cursed +8 trident of Toth-Mos's Legacy
                  | {spect, Alch, Bglg} (You took it off a wight on level 6 of
                  | the Dungeon)
 40221 | Snake:3  | Identified the cursed +8 trident of Toth-Mos's Legacy
                  | {spect, Alch, Bglg} (You took it off a wight on level 6 of
                  | the Dungeon)
 40325 | Snake:3  | Identified the cursed +8 trident of Toth-Mos's Legacy
                  | {spect, Alch, Bglg} (You took it off a wight on level 6 of
                  | the Dungeon)
 40331 | Snake:3  | Identified the cursed +8 trident of Toth-Mos's Legacy
                  | {spect, Alch, Bglg} (You took it off a wight on level 6 of
                  | the Dungeon)
 40334 | Snake:3  | Identified the cursed +8 trident of Toth-Mos's Legacy
                  | {spect, Alch, Bglg} (You took it off a wight on level 6 of
                  | the Dungeon)
 40340 | Snake:3  | Identified the cursed +8 trident of Toth-Mos's Legacy
                  | {spect, Alch, Bglg} (You took it off a wight on level 6 of
                  | the Dungeon)
 40344 | Snake:3  | Reached skill level 10 in Earth Magic
 40467 | Snake:4  | Identified the cursed +8 trident of Toth-Mos's Legacy
                  | {spect, Alch, Bglg} (You took it off a wight on level 6 of
                  | the Dungeon)
 40472 | Snake:4  | Identified the cursed +8 trident of Toth-Mos's Legacy
                  | {spect, Alch, Bglg} (You took it off a wight on level 6 of
                  | the Dungeon)
 40477 | Snake:4  | Identified the cursed +8 trident of Toth-Mos's Legacy
                  | {spect, Alch, Bglg} (You took it off a wight on level 6 of
                  | the Dungeon)
 40571 | Snake:4  | Learned a level 3 spell: Frozen Ramparts
 40588 | Snake:4  | Identified the cursed +8 trident of Toth-Mos's Legacy
                  | {spect, Alch, Bglg} (You took it off a wight on level 6 of
                  | the Dungeon)
 40712 | Snake:4  | Identified the cursed +8 trident of Toth-Mos's Legacy
                  | {spect, Alch, Bglg} (You took it off a wight on level 6 of
                  | the Dungeon)
 40714 | Snake:4  | Identified the cursed +8 trident of Toth-Mos's Legacy
                  | {spect, Alch, Bglg} (You took it off a wight on level 6 of
                  | the Dungeon)
 40866 | Snake:4  | Identified the cursed +8 trident of Toth-Mos's Legacy
                  | {spect, Alch, Bglg} (You took it off a wight on level 6 of
                  | the Dungeon)
 40868 | Snake:4  | Identified the cursed +8 trident of Toth-Mos's Legacy
                  | {spect, Alch, Bglg} (You took it off a wight on level 6 of
                  | the Dungeon)
 40871 | Snake:4  | Reached skill level 1 in Ice Magic
 41078 | Snake:4  | Identified the cursed +8 trident of Toth-Mos's Legacy
                  | {spect, Alch, Bglg} (You took it off a wight on level 6 of
                  | the Dungeon)
 41181 | Snake:4  | Identified the cursed +8 trident of Toth-Mos's Legacy
                  | {spect, Alch, Bglg} (You took it off a wight on level 6 of
                  | the Dungeon)
 41206 | Snake:4  | Identified the cursed +8 trident of Toth-Mos's Legacy
                  | {spect, Alch, Bglg} (You took it off a wight on level 6 of
                  | the Dungeon)
 41227 | Snake:4  | Identified the cursed +8 trident of Toth-Mos's Legacy
                  | {spect, Alch, Bglg} (You took it off a wight on level 6 of
                  | the Dungeon)
 41242 | Snake:4  | Identified the cursed +8 trident of Toth-Mos's Legacy
                  | {spect, Alch, Bglg} (You took it off a wight on level 6 of
                  | the Dungeon)
 41244 | Snake:4  | Identified the cursed +8 trident of Toth-Mos's Legacy
                  | {spect, Alch, Bglg} (You took it off a wight on level 6 of
                  | the Dungeon)
 41246 | Snake:4  | Identified the cursed +8 trident of Toth-Mos's Legacy
                  | {spect, Alch, Bglg} (You took it off a wight on level 6 of
                  | the Dungeon)
 41248 | Snake:4  | Identified the cursed +8 trident of Toth-Mos's Legacy
                  | {spect, Alch, Bglg} (You took it off a wight on level 6 of
                  | the Dungeon)
 41250 | Snake:4  | Identified the cursed +8 trident of Toth-Mos's Legacy
                  | {spect, Alch, Bglg} (You took it off a wight on level 6 of
                  | the Dungeon)
 41255 | Snake:4  | Identified the cursed +8 trident of Toth-Mos's Legacy
                  | {spect, Alch, Bglg} (You took it off a wight on level 6 of
                  | the Dungeon)
 41258 | Snake:4  | Identified the cursed +8 trident of Toth-Mos's Legacy
                  | {spect, Alch, Bglg} (You took it off a wight on level 6 of
                  | the Dungeon)
 41323 | Snake:4  | Identified the cursed +8 trident of Toth-Mos's Legacy
                  | {spect, Alch, Bglg} (You took it off a wight on level 6 of
                  | the Dungeon)
 41329 | Snake:4  | Identified the cursed +8 trident of Toth-Mos's Legacy
                  | {spect, Alch, Bglg} (You took it off a wight on level 6 of
                  | the Dungeon)
 41330 | Snake:4  | Identified the +2 flail "Orb Guardian's Peril" {antimagic,
                  | Int+4}
 41345 | Snake:4  | Identified the cursed +8 trident of Toth-Mos's Legacy
                  | {spect, Alch, Bglg} (You took it off a wight on level 6 of
                  | the Dungeon)
 41347 | Snake:4  | Identified the cursed +8 trident of Toth-Mos's Legacy
                  | {spect, Alch, Bglg} (You took it off a wight on level 6 of
                  | the Dungeon)
 41478 | Snake:4  | Identified the cursed +8 trident of Toth-Mos's Legacy
                  | {spect, Alch, Bglg} (You took it off a wight on level 6 of
                  | the Dungeon)
 41480 | Snake:4  | Identified the cursed +8 trident of Toth-Mos's Legacy
                  | {spect, Alch, Bglg} (You took it off a wight on level 6 of
                  | the Dungeon)
 41523 | Snake:4  | Identified the cursed +8 trident of Toth-Mos's Legacy
                  | {spect, Alch, Bglg} (You took it off a wight on level 6 of
                  | the Dungeon)
 41541 | Snake:4  | Identified the cursed +8 trident of Toth-Mos's Legacy
                  | {spect, Alch, Bglg} (You took it off a wight on level 6 of
                  | the Dungeon)
 41548 | Snake:4  | Identified the cursed +8 trident of Toth-Mos's Legacy
                  | {spect, Alch, Bglg} (You took it off a wight on level 6 of
                  | the Dungeon)
 41689 | Snake:4  | Identified the cursed +8 trident of Toth-Mos's Legacy
                  | {spect, Alch, Bglg} (You took it off a wight on level 6 of
                  | the Dungeon)
 41694 | Snake:4  | Identified the cursed +8 trident of Toth-Mos's Legacy
                  | {spect, Alch, Bglg} (You took it off a wight on level 6 of
                  | the Dungeon)
 41696 | Snake:4  | Identified the cursed +8 trident of Toth-Mos's Legacy
                  | {spect, Alch, Bglg} (You took it off a wight on level 6 of
                  | the Dungeon)
 41709 | Snake:4  | Identified the cursed +8 trident of Toth-Mos's Legacy
                  | {spect, Alch, Bglg} (You took it off a wight on level 6 of
                  | the Dungeon)
 41719 | Snake:4  | Identified the cursed +8 trident of Toth-Mos's Legacy
                  | {spect, Alch, Bglg} (You took it off a wight on level 6 of
                  | the Dungeon)
 41722 | Snake:4  | Identified the cursed +8 trident of Toth-Mos's Legacy
                  | {spect, Alch, Bglg} (You took it off a wight on level 6 of
                  | the Dungeon)
 41725 | Snake:4  | Identified the cursed +8 trident of Toth-Mos's Legacy
                  | {spect, Alch, Bglg} (You took it off a wight on level 6 of
                  | the Dungeon)
 42038 | Snake:4  | Identified the cursed +8 trident of Toth-Mos's Legacy
                  | {spect, Alch, Bglg} (You took it off a wight on level 6 of
                  | the Dungeon)
 42041 | Snake:4  | Identified the cursed +8 trident of Toth-Mos's Legacy
                  | {spect, Alch, Bglg} (You took it off a wight on level 6 of
                  | the Dungeon)
 42045 | Snake:4  | Identified the cursed +8 trident of Toth-Mos's Legacy
                  | {spect, Alch, Bglg} (You took it off a wight on level 6 of
                  | the Dungeon)
 42048 | Snake:4  | Identified the cursed +8 trident of Toth-Mos's Legacy
                  | {spect, Alch, Bglg} (You took it off a wight on level 6 of
                  | the Dungeon)
 42050 | Snake:4  | Identified the cursed +8 trident of Toth-Mos's Legacy
                  | {spect, Alch, Bglg} (You took it off a wight on level 6 of
                  | the Dungeon)
 42052 | Snake:4  | Identified the cursed +8 trident of Toth-Mos's Legacy
                  | {spect, Alch, Bglg} (You took it off a wight on level 6 of
                  | the Dungeon)
 42054 | Snake:4  | Reached skill level 5 in Ice Magic
 42054 | Snake:4  | Identified the cursed +8 trident of Toth-Mos's Legacy
                  | {spect, Alch, Bglg} (You took it off a wight on level 6 of
                  | the Dungeon)
 42056 | Snake:4  | Identified the cursed +8 trident of Toth-Mos's Legacy
                  | {spect, Alch, Bglg} (You took it off a wight on level 6 of
                  | the Dungeon)
 42058 | Snake:4  | Identified the cursed +8 trident of Toth-Mos's Legacy
                  | {spect, Alch, Bglg} (You took it off a wight on level 6 of
                  | the Dungeon)
 42071 | Snake:4  | Got a serpentine rune of Zot
 42365 | Shoals:4 | Identified the cursed +8 trident of Toth-Mos's Legacy
                  | {spect, Alch, Bglg} (You took it off a wight on level 6 of
                  | the Dungeon)
 42483 | Shoals:3 | Identified the cursed +8 trident of Toth-Mos's Legacy
                  | {spect, Alch, Bglg} (You took it off a wight on level 6 of
                  | the Dungeon)
 42486 | Shoals:3 | Identified the cursed +8 trident of Toth-Mos's Legacy
                  | {spect, Alch, Bglg} (You took it off a wight on level 6 of
                  | the Dungeon)
 42488 | Shoals:3 | Identified the cursed +8 trident of Toth-Mos's Legacy
                  | {spect, Alch, Bglg} (You took it off a wight on level 6 of
                  | the Dungeon)
 42580 | Shoals:3 | Identified the cursed +8 trident of Toth-Mos's Legacy
                  | {spect, Alch, Bglg} (You took it off a wight on level 6 of
                  | the Dungeon)
 42582 | Shoals:3 | Identified the cursed +8 trident of Toth-Mos's Legacy
                  | {spect, Alch, Bglg} (You took it off a wight on level 6 of
                  | the Dungeon)
 42585 | Shoals:3 | Killed Polyphemus
 42872 | Shoals:4 | Identified the cursed +8 trident of Toth-Mos's Legacy
                  | {spect, Alch, Bglg} (You took it off a wight on level 6 of
                  | the Dungeon)
 42875 | Shoals:4 | Identified the cursed +8 trident of Toth-Mos's Legacy
                  | {spect, Alch, Bglg} (You took it off a wight on level 6 of
                  | the Dungeon)
 42879 | Shoals:4 | Identified the cursed +8 trident of Toth-Mos's Legacy
                  | {spect, Alch, Bglg} (You took it off a wight on level 6 of
                  | the Dungeon)
 42889 | Shoals:4 | HP: 3/97 [alligator snapping turtle (20)]
 43170 | Shoals:4 | Identified the cursed +8 trident of Toth-Mos's Legacy
                  | {spect, Alch, Bglg} (You took it off a wight on level 6 of
                  | the Dungeon)
 43172 | Shoals:4 | Identified the cursed +8 trident of Toth-Mos's Legacy
                  | {spect, Alch, Bglg} (You took it off a wight on level 6 of
                  | the Dungeon)
 43185 | Shoals:4 | Identified the cursed +8 trident of Toth-Mos's Legacy
                  | {spect, Alch, Bglg} (You took it off a wight on level 6 of
                  | the Dungeon)
 43189 | Shoals:4 | Identified the cursed +8 trident of Toth-Mos's Legacy
                  | {spect, Alch, Bglg} (You took it off a wight on level 6 of
                  | the Dungeon)
 43210 | Shoals:4 | Identified the cursed +8 trident of Toth-Mos's Legacy
                  | {spect, Alch, Bglg} (You took it off a wight on level 6 of
                  | the Dungeon)
 43217 | Shoals:4 | Identified the cursed +8 trident of Toth-Mos's Legacy
                  | {spect, Alch, Bglg} (You took it off a wight on level 6 of
                  | the Dungeon)
 43284 | Shoals:4 | Identified the cursed +8 trident of Toth-Mos's Legacy
                  | {spect, Alch, Bglg} (You took it off a wight on level 6 of
                  | the Dungeon)
 43293 | Shoals:4 | Identified the cursed +8 trident of Toth-Mos's Legacy
                  | {spect, Alch, Bglg} (You took it off a wight on level 6 of
                  | the Dungeon)
 43300 | Shoals:4 | Identified the cursed +8 trident of Toth-Mos's Legacy
                  | {spect, Alch, Bglg} (You took it off a wight on level 6 of
                  | the Dungeon)
 43307 | Shoals:4 | Identified the cursed +8 trident of Toth-Mos's Legacy
                  | {spect, Alch, Bglg} (You took it off a wight on level 6 of
                  | the Dungeon)
 43357 | Shoals:4 | Got a barnacled rune of Zot
 43358 | Shoals:4 | HP: 5/100 [frost giant/+1 battleaxe of freezing (2)]
 43363 | Shoals:4 | Slain by a merfolk impaler

Illustrated notes

Levels and vault maps discovered:
D:1:      saegor_arrival_miasma, layout_basic
D:2:      layout_basic
D:3:      layout_loops_ring, guppyfry_early_orc_mine, uniq_robin, uniq_sigmund
D:4:      layout_basic, grunt_qazlal_sundering, serial_shops,
          nicolae_shop_overgrown_old_shop, chequers_serial_rivers_micro_e,
          st_stairs_6, minmay_vboxes
D:5:      layout_rooms, lemuel_coloured_pillars_altar
D:6:      minmay_chambers_of_fours, layout_loops_ring, serial_shops,
          nicolae_shop_statue_plus
D:7:      layout_basic, temple_doors_cd, chequers_garden, uniq_maggie,
          uniq_menkaure
D:8:      layout_basic, enter_ossuary_5, uniq_psyche
D:9:      minmay_the_grid_triangle_9x9_recursive_2
          [minmay_the_grid_triangle_9x9_prize_insulated,
          minmay_the_grid_triangle_9x9_zippers_horizontal,
          minmay_the_grid_triangle_9x9_stretched_checkered,
          minmay_the_grid_triangle_9x9_alien], layout_basic, worms_lemuel,
          uniq_pikel, uniq_erolcha, uniq_joseph
D:10:     layout_grid_maze, mainiacjoe_overflow_surrounded_room
D:11:     layout_loops_corners, david_lair_generic,
          gammafunk_ghost_nasty_kobolds, dreamdust_mushroom_princess,
          serial_bayou_pond_d, uniq_erica
D:12:     layout_roguey, minmay_orc_entry_temple_small,
          hangedman_abyss_or_decor_passed, minmay_misc_feat_enclosed,
          uniq_azrael
D:13:     layout_stronghold, gammafunk_ghost_wrathful_warriors
D:14:     minmay_diamond_stairs, layout_stronghold, grunt_vaults_entry_tiered,
          hangedman_abyss_or_decor_jellyfish_corner, nicolae_stop_n_shop_1,
          uniq_jorgrun, uniq_nessos, uniq_josephine
D:15:     grunt_enter_depths_hoard, layout_irregular_city,
          nicolae_elyvilon_peaceful_grove
Temple:   compressed_dpeg_triangle_lava_temple
Lair:1:   layout_misc_corridors, uniq_grum
Lair:2:   layout_chaotic_city, shoals_dummy_entry, grunt_megastairs_3
Lair:3:   layout_cave_pods, minmay_snake_entry_guardpost_small
Lair:4:   layout_cave_pods, chequers_serial_rivers_marsh, lemuel_fruit_fields
Lair:5:   minmay_lair_end_enchanted_forest, layout_regular_city,
          minmay_slime_entry_pillars, nicolae_lair_lindhole
Shoals:1: layout_shoals
Shoals:2: layout_shoals, serial_shops, nicolae_shop_overgrown_old_shop
Shoals:3: layout_shoals, uniq_polyphemus, uniq_ilsuiw
Shoals:4: shoals_end_grunt_ice, layout_shoals, portal_ice_cave_entry_pillars_1,
          uniq_mara
Snake:1:  layout_concentric_octagons, nicolae_shop_gadgets, minmay_shop_grove,
          grunt_megastairs_2
Snake:2:  layout_misc_corridors, serial_shops,
          nicolae_shop_bloodbath_and_beyond, nicolae_snake_dead_anacondas,
          minmay_shoptagon, uniq_aizul
Snake:3:  layout_cave_town, nicolae_triple_integral
Snake:4:  grunt_snake_rune_spirals, layout_onion, grunt_ministairs_5,
          nicolae_snake_gridmaze_zigzag
Orc:1:    layout_caves, basic_altar, ebering_ghost_xom
Orc:2:    hellmonk_orc_salted, layout_caves, basic_altar
Depths:1: layout_honeycomb, grunt_mini_vestibule, rand_demon_pan_entry_3,
          grunt_ministairs_4, minivault_16, st_stairs_10,
          kennysheep_cluttered_room, evilmike_butchery, uniq_saint_roka

Skill      XL: |  1  2  3  4  5  6  7  8  9 10 11 12 13 14 15 16 17 18 |
---------------+-------------------------------------------------------+-----
Short Blades   | 1 2 |  2.7
Earth Magic    | 3 4 5 6 9 10 | 10.0
Maces & Flails | 1 2 5 6 |  6.4
Throwing       | 1 2 |  2.8
Stealth        | 5 7 8 10 | 10.0
Dodging        | 3 4 7 10 16 18 19 | 19.0
Spellcasting   | 3 4 8 10 | 10.5
Armour         | 9 |  9.7
Fighting       | 4 5 7 8 |  8.0
Evocations     | 4 6 8 |  8.0
Polearms       | 3 6 8 9 10 | 10.2
Poison Magic   | 3 7 |  7.0
Necromancy     | 1 5 8 9 |  9.4
Transmutations | 6 |  6.3
Air Magic      | 4 |  4.0
Translocations | 1 5 |  5.8
Ice Magic      | 6 |  6.2

Action                     |  1- 3 |  4- 6 |  7- 9 | 10-12 | 13-15 | 16-18 || total
---------------------------+-------+-------+-------+-------+-------+-------++-------
  Melee: Dagger            |    45 |       |       |       |       |       ||    45
         Punch             |     1 |     1 |     8 |     6 |       |       ||    16
         Whip              |       |   103 |   428 |   380 |       |       ||   911
         Headbutt          |       |       |    75 |   136 |   233 |       ||   444
         Trident           |       |       |       |   289 |  1164 |  1163 ||  2616
  Throw: Boomerang         |     5 |     1 |     1 |     1 |     8 |    12 ||    28
         Dart              |       |    33 |   122 |   109 |    63 |     4 ||   331
         Stone             |       |       |    17 |    64 |     9 |    39 ||   129
   Cast: Sandblast         |    53 |    49 |       |       |       |       ||   102
         Passwall          |       |     1 |       |       |     1 |    12 ||    14
         Animate Dead      |       |       |       |       |    13 |    19 ||    32
         Poisonous Vapours |       |       |       |       |     8 |    44 ||    52
         Olgreb's Toxic Ra |       |       |       |       |     2 |    15 ||    17
         Alistair's Intoxi |       |       |       |       |       |     1 ||     1
         Borgnjor's Vile C |       |       |       |       |       |     1 ||     1
         Apportation       |       |       |       |       |       |     1 ||     1
         Petrify           |       |       |       |       |       |     1 ||     1
 Invoke: Curse Item        |       |       |       |     4 |     3 |       ||     7
  Evoke: Wand              |       |       |       |    24 |    16 |    41 ||    81
         Box of beasts     |       |       |       |       |       |     4 ||     4
    Use: Scroll            |     1 |    15 |    15 |     8 |     4 |    23 ||    66
         Potion            |       |     1 |     3 |     4 |     4 |    12 ||    24
   Stab: Sleeping          |     1 |     3 |     4 |     6 |    30 |    22 ||    66
         Distracted        |       |     1 |     1 |     3 |    31 |    40 ||    76
         Paralysed         |       |       |       |    15 |     9 |     3 ||    27
         Invisible         |       |       |       |       |     1 |       ||     1
         Confused          |       |       |       |       |       |     4 ||     4
         Petrified         |       |       |       |       |       |     3 ||     3
         Petrifying        |       |       |       |       |       |     1 ||     1
 Armour: Robe              |     9 |     6 |       |       |       |       ||    15
         Shadow dragon sca |       |       |   263 |   216 |   207 |   257 ||   943
  Dodge: Dodged            |    50 |    80 |   190 |   453 |   527 |   904 ||  2204

Table legend: (Time is in decaauts)
 A = Elapsed time spent in this place.
 B = Non-inter-level travel time spent in this place.
 C = Inter-level travel time spent in this place.
 D = Time resting spent in this place.
 E = Time spent auto-exploring this place.
 F = Levels seen in this place.
 G = Mean time per level.
                   A        B        C        D        E       F      G
               +--------+--------+--------+--------+--------+-----+--------+
         Total |  32110 |  29909 |   2201 |   6157 |  10044 |  33 |  973.0 |
       Dungeon |  14105 |  13063 |   1042 |   1615 |   5015 |  15 |  940.3 |
        Temple |    216 |    212 |      4 |      0 |    188 |   1 |  216.0 |
          Lair |   5929 |   5517 |    412 |   1306 |   2241 |   5 | 1185.8 |
        Shoals |   5315 |   5012 |    303 |   1717 |   1473 |   4 | 1328.8 |
     Snake Pit |   4269 |   3992 |    277 |   1005 |    773 |   4 | 1067.2 |
  Orcish Mines |   1863 |   1703 |    160 |    481 |    309 |   2 |  931.5 |
        Depths |     11 |     11 |      0 |      0 |      0 |   1 |   11.0 |
       Ossuary |    399 |    399 |      0 |     32 |     43 |   1 |  399.0 |
               +--------+--------+--------+--------+--------+-----+--------+

Top non-repeatable levels by time:
Shoals:3: 2538 daAuts
     D:6: 1573 daAuts
  Lair:5: 1526 daAuts
 Snake:4: 1483 daAuts
    D:14: 1481 daAuts
     D:9: 1453 daAuts
  Lair:2: 1404 daAuts
 Snake:2: 1142 daAuts
  Lair:3: 1127 daAuts
Shoals:1: 1113 daAuts
    D:13: 1040 daAuts
    D:11: 1001 daAuts
Shoals:2: 996 daAuts
     D:4: 993 daAuts
   Orc:2: 986 daAuts
